Workbook
Name Acero: #REF!
Name Agregados: #REF!
Name Apar.Sanitarios: #REF!
Name Carp.Aluminio: #REF!
Name Carp.Metalica: #REF!
Name Cerrajeria: #REF!
Name Ciudades: #REF!
Name Combustible: #REF!
Name Concretos: #REF!
Name Cuadrillas: #REF!
Name Cubierta: #REF!
Name Drywall: #REF!
Name Equipos: #REF!
Name EquiposEspeciales: #REF!
Name Ferreteria: #REF!
Name Formaletas: #REF!
Name Geosinteticos: #REF!
Name Impermeabilizantes: #REF!
Name Inst.Electricas: #REF!
Name Inst.Hidrosanitarias: #REF!
Name INSUMOS: #REF!
Name Ladrillos: #REF!
Name Maderas: #REF!
Name Pinturas: #REF!
Name PisosEnchapes: #REF!
Name Prefabricados: #REF!
Name VariosAnalisis: #REF!

Sheet PRESUPUESTO OFICIAL (2)
C3: Formulario 1 - Propuesta económica - Documento tipo de licitación de obra pública de infraestructura de transporte - versión 4
C4: Código | D4: CCE-EICP-FM-14 | E4: Versión | F4: 4
B8: FORMULARIO 1
B9: PRESUPUESTO OFICIAL
B10: [La entidad puede utilizar este formulario de detalle del presupuesto oficial para determinar las condiciones bajo las cuales los proponentes analizarán y presentarán su propuesta económica de forma detallada, sin perjuicio que la entidad pueda modificarlo o establecer la presentación de la oferta económica con un formulario distinto al indicado.]
B12: Adicionalmente, cuando el proceso de contratación es estructurado por precios unitarios, la Entidad debe aplicar las notas 1, 2 y 3 del presente formulario y las casillas de "Descripción", "Porcentaje" de la Administración, Utilidad y total A.U. resaltadas en color amarillo. Tratándose de otras modalidades de precio, la Entidad puede o no configurar los mismos aspectos.
B13: Lote 1: “CONSTRUCCIÓN DE OBRAS DE ESTABILIDAD GEOTÉCNICA Y MANEJO DE AGUAS LLUVIAS EN SITIOS CON PROCESOS DE INESTABILIDAD Y REPARACIÓN DE ÁREAS CON TRATAMIENTO GEOTÉCNICO (ATG) EN LAS COMUNAS LA ESTACIÓN, TESORITO, UNIVERSITARIA, ECOTURÍSTICA CERRO DE ORO Y NUEVO HORIZONTE, EN EL ÁREA URBANA DEL MUNICIPIO DE MANIZALES – POR MONTO AGOTABLE”
B14: Nº | C14: ITEM DE PAGO | D14: DESCRIPCION | E14: UND. | F14: CANTIDAD | G14: VALOR UNITARIO | H14: VALOR TOTAL
B16: CAPÍTULO I TRABAJOS PRELIMINARES
B17: 1.1 | C17: ='A.P.U'!B5 -> 001.043 | D17: =+VLOOKUP($C17,'A.P.U'!$B$5:$K$23785,3,0) -> ROCERIA Y LIMPIEZA | E17: =+VLOOKUP($C17,'A.P.U'!$B$5:$K$23785,5,0) -> M2 | F17: 1 | G17: =+VLOOKUP($C17,'A.P.U'!$B$5:$K$23785,10,0) -> 2475 | H17: =ROUND((G17*F17),0) -> 2475
B18: 1.2 | C18: ='A.P.U'!B11 -> 001.049 | D18: =+VLOOKUP($C18,'A.P.U'!$B$5:$K$23785,3,0) -> SUMINISTRO, TRANSPORTE E INSTALACIÓN CERRAMIENTO EN YUTE H= 2 M | E18: =+VLOOKUP($C18,'A.P.U'!$B$5:$K$23785,5,0) -> ML | F18: 1 | G18: =+VLOOKUP($C18,'A.P.U'!$B$5:$K$23785,10,0) -> 21457 | H18: =ROUND((G18*F18),0) -> 21457
B19: 1.3 | C19: ='A.P.U'!B19 -> 001.059 | D19: =+VLOOKUP($C19,'A.P.U'!$B$5:$K$23785,3,0) -> SUMINISTRO, TRANSPORTE E INSTALACION TECHADO PROVISIONAL EN GUADUA Y PLÁSTICO | E19: =+VLOOKUP($C19,'A.P.U'!$B$5:$K$23785,5,0) -> M2 | F19: 1 | G19: =+VLOOKUP($C19,'A.P.U'!$B$5:$K$23785,10,0) -> 28867 | H19: =ROUND((G19*F19),0) -> 28867
B20: 1.4 | C20: ='A.P.U'!B29 -> 033.143 | D20: =+VLOOKUP($C20,'A.P.U'!$B$5:$K$23785,3,0) -> SUMINISTRO, TRANSPORTE E INSTALACION TRINCHOS PROVISIONALES EN GUADUA | E20: =+VLOOKUP($C20,'A.P.U'!$B$5:$K$23785,5,0) -> ML | F20: 1 | G20: =+VLOOKUP($C20,'A.P.U'!$B$5:$K$23785,10,0) -> 38499 | H20: =ROUND((G20*F20),0) -> 38499
B21: 1.5 | C21: 030.001 | D21: =+VLOOKUP($C21,'A.P.U'!$B$5:$K$23785,3,0) -> COMISIÓN TOPOGRÁFICA | E21: =+VLOOKUP($C21,'A.P.U'!$B$5:$K$23785,5,0) -> DIA | F21: 1 | G21: =+VLOOKUP($C21,'A.P.U'!$B$5:$K$23785,10,0) -> 983660 | H21: =ROUND((G21*F21),0) -> 983660
B22: Subtotal | H22: =SUM(H17:H21) -> 1074958
B23: CAPÍTULO II MOVIMIENTO DE TIERRAS
B24: 2.1. | D24: EXCAVACIONES
B25: 2.1.1 | C25: ='A.P.U'!B43 -> 002.001 | D25: =+VLOOKUP($C25,'A.P.U'!$B$5:$K$23785,3,0) -> EXCAVACIÓN EN ZANJA - MATERIAL COMÚN - 0.0 A 2.0 M | E25: =+VLOOKUP($C25,'A.P.U'!$B$5:$K$23785,5,0) -> M3 | F25: 1 | G25: =+VLOOKUP($C25,'A.P.U'!$B$5:$K$23785,10,0) -> 61207 | H25: =ROUND((G25*F25),0) -> 61207
B26: 2.1.2 | C26: ='A.P.U'!B50 -> 002.002 | D26: =+VLOOKUP($C26,'A.P.U'!$B$5:$K$23785,3,0) -> EXCAVACIÓN EN ZANJA - MATERIAL COMÚN - 2.01 A 4.00 M | E26: =+VLOOKUP($C26,'A.P.U'!$B$5:$K$23785,5,0) -> M3 | F26: 1 | G26: =+VLOOKUP($C26,'A.P.U'!$B$5:$K$23785,10,0) -> 68452 | H26: =ROUND((G26*F26),0) -> 68452
B27: 2.1.3 | C27: ='A.P.U'!B56 -> 002.004 | D27: =+VLOOKUP($C27,'A.P.U'!$B$5:$K$23785,3,0) -> EXCAVACIÓN EN ZANJA - CONGLOMERADO - 0.0 A 2.0 M | E27: =+VLOOKUP($C27,'A.P.U'!$B$5:$K$23785,5,0) -> M3 | F27: 1 | G27: =+VLOOKUP($C27,'A.P.U'!$B$5:$K$23785,10,0) -> 85485 | H27: =ROUND((G27*F27),0) -> 85485
B28: 2.1.4 | C28: ='A.P.U'!B63 -> 002.005 | D28: =+VLOOKUP($C28,'A.P.U'!$B$5:$K$23785,3,0) -> EXCAVACIÓN EN ZANJA - CONGLOMERADO - 2.01 A 4.00 M | E28: =+VLOOKUP($C28,'A.P.U'!$B$5:$K$23785,5,0) -> M3 | F28: 1 | G28: =+VLOOKUP($C28,'A.P.U'!$B$5:$K$23785,10,0) -> 113386 | H28: =ROUND((G28*F28),0) -> 113386
B29: 2.1.5 | C29: ='A.P.U'!B70 -> 002.010 | D29: =+VLOOKUP($C29,'A.P.U'!$B$5:$K$23785,3,0) -> EXCAVACIÓN PARA ESTRUCTURAS - MATERIAL COMÚN - 0.0 A 2.0 M | E29: =+VLOOKUP($C29,'A.P.U'!$B$5:$K$23785,5,0) -> M3 | F29: 1 | G29: =+VLOOKUP($C29,'A.P.U'!$B$5:$K$23785,10,0) -> 85485 | H29: =ROUND((G29*F29),0) -> 85485
B30: 2.1.6 | C30: ='A.P.U'!B77 -> 002.012 | D30: =+VLOOKUP($C30,'A.P.U'!$B$5:$K$23785,3,0) -> EXCAVACIÓN PARA ESTRUCTURAS - CONGLOMERADO - 0.0 A 2.0 M | E30: =+VLOOKUP($C30,'A.P.U'!$B$5:$K$23785,5,0) -> M3 | F30: 1 | G30: =+VLOOKUP($C30,'A.P.U'!$B$5:$K$23785,10,0) -> 108773 | H30: =ROUND((G30*F30),0) -> 108773
B31: 2.1.7 | C31: ='A.P.U'!B84 -> 002.016 | D31: =+VLOOKUP($C31,'A.P.U'!$B$5:$K$23785,3,0) -> EXCAVACIÓN A CIELO ABIERTO - MATERIAL COMÚN - 0.0 A 2.0 M | E31: =+VLOOKUP($C31,'A.P.U'!$B$5:$K$23785,5,0) -> M3 | F31: 1 | G31: =+VLOOKUP($C31,'A.P.U'!$B$5:$K$23785,10,0) -> 66336 | H31: =ROUND((G31*F31),0) -> 66336
B32: 2.1.8 | C32: ='A.P.U'!B91 -> 002.017 | D32: =+VLOOKUP($C32,'A.P.U'!$B$5:$K$23785,3,0) -> EXCAVACIÓN A CIELO ABIERTO - CONGLOMERADO - 0.0 A 2.0 M | E32: =+VLOOKUP($C32,'A.P.U'!$B$5:$K$23785,5,0) -> M3 | F32: 1 | G32: =+VLOOKUP($C32,'A.P.U'!$B$5:$K$23785,10,0) -> 94671 | H32: =ROUND((G32*F32),0) -> 94671
B33: 2.1.9 | C33: 032.083 | D33: =+VLOOKUP($C33,'A.P.U'!$B$5:$K$23785,3,0) -> EXCAVACION PARA PILOTES D=< a 45 cm (0-6)m | E33: =+VLOOKUP($C33,'A.P.U'!$B$5:$K$23785,5,0) -> ML | F33: 1 | G33: =+VLOOKUP($C33,'A.P.U'!$B$5:$K$23785,10,0) -> 104410 | H33: =ROUND((G33*F33),0) -> 104410
B34: 2.1.10 | C34: 033.090 | D34: =+VLOOKUP($C34,'A.P.U'!$B$5:$K$23785,3,0) -> CONFORMACION TALUDES SISTEMA MANUAL | E34: =+VLOOKUP($C34,'A.P.U'!$B$5:$K$23785,5,0) -> M3 | F34: 1 | G34: =+VLOOKUP($C34,'A.P.U'!$B$5:$K$23785,10,0) -> 65050 | H34: =ROUND((G34*F34),0) -> 65050
B35: 2.2. | D35: RELLENOS
B36: 2.2.1. | C36: 002.049 | D36: =+VLOOKUP($C36,'A.P.U'!$B$5:$K$23785,3,0) -> RELLENO EN MATERIAL SELECCIONADO PROVENIENTE DE LA EXCAVACION (APISONADO) | E36: =+VLOOKUP($C36,'A.P.U'!$B$5:$K$23785,5,0) -> M3 | F36: 1 | G36: =+VLOOKUP($C36,'A.P.U'!$B$5:$K$23785,10,0) -> 69678 | H36: =ROUND((G36*F36),0) -> 69678
B37: 2.2.2. | C37: 002.053 | D37: =+VLOOKUP($C37,'A.P.U'!$B$5:$K$23785,3,0) -> RELLENO COMPACTADO CON MATERIAL DE PRESTAMO | E37: =+VLOOKUP($C37,'A.P.U'!$B$5:$K$23785,5,0) -> M3 | F37: 1 | G37: =+VLOOKUP($C37,'A.P.U'!$B$5:$K$23785,10,0) -> 124403 | H37: =ROUND((G37*F37),0) -> 124403
B38: 2.2.3. | C38: ='A.P.U'!B124 -> 027.049 | D38: ='A.P.U'!D124 -> RELLENOS PARA CONFORMACIÓN DE TALUDES CON COSTALES DE FIBRA Y SUELO CON MATERIAL IN SITU | E38: M3 | F38: 1 | G38: =+VLOOKUP($C38,'A.P.U'!$B$5:$K$23785,10,0) -> 212880 | H38: =ROUND((G38*F38),0) -> 212880
B39: 2.2.4. | C39: 004.013 | D39: =+VLOOKUP($C39,'A.P.U'!$B$5:$K$23785,3,0) -> SUMINISTRO, TRANSPORTE E INSTALACION AFIRMADO COMPACTADO PARA ESTRUCTURAS | E39: =+VLOOKUP($C39,'A.P.U'!$B$5:$K$23785,5,0) -> M3 | F39: 1 | G39: =+VLOOKUP($C39,'A.P.U'!$B$5:$K$23785,10,0) -> 208734 | H39: =ROUND((G39*F39),0) -> 208734
B40: 2.2.5. | C40: 002.057 | D40: =+VLOOKUP($C40,'A.P.U'!$B$5:$K$23785,3,0) -> REPALEO MANUAL | E40: =+VLOOKUP($C40,'A.P.U'!$B$5:$K$23785,5,0) -> M3 | F40: 1 | G40: =+VLOOKUP($C40,'A.P.U'!$B$5:$K$23785,10,0) -> 17967 | H40: =ROUND((G40*F40),0) -> 17967
B41: 2.3. | D41: DEMOLICIONES Y PERFORACIONES
B42: 2.3.1. | C42: 029.001 | D42: =+VLOOKUP($C42,'A.P.U'!$B$5:$K$23774,3,0) -> DEMOLICIÓN MECÁNICA DE ESTRUCTURAS DE CONCRETO HIDRÁULICO - INCLUYE CARGUE, TRANSPORTE Y DISPOSICIÓN | E42: =+VLOOKUP($C42,'A.P.U'!$B$5:$K$23774,5,0) -> M3 | F42: 1 | G42: =+VLOOKUP($C42,'A.P.U'!$B$5:$K$23785,10,0) -> 224173 | H42: =ROUND((G42*F42),0) -> 224173
B43: 2.3.2. | C43: 002.087 | D43: =+VLOOKUP($C43,'A.P.U'!$B$5:$K$23774,3,0) -> PERFORACIÓN CON CUÑA HIDRÁULICA (Incluye operador, transporte y combustible) | E43: =+VLOOKUP($C43,'A.P.U'!$B$5:$K$23774,5,0) -> M3-Suelto | F43: 1 | G43: =+VLOOKUP($C43,'A.P.U'!$B$5:$K$23785,10,0) -> 103009 | H43: =ROUND((G43*F43),0) -> 103009
B44: 2.2.3. | C44: 033.161 | D44: =+VLOOKUP($C44,'A.P.U'!$B$5:$K$23774,3,0) -> DEMOLICIÓN MANUAL DE ELEMENTOS EN CONCRETO | E44: =+VLOOKUP($C44,'A.P.U'!$B$5:$K$23774,5,0) -> M3 | F44: 1 | G44: =+VLOOKUP($C44,'A.P.U'!$B$5:$K$23785,10,0) -> 386039 | H44: =ROUND((G44*F44),0) -> 386039
B45: 2.2.4. | C45: 002.088 | D45: =+VLOOKUP($C45,'A.P.U'!$B$5:$K$23774,3,0) -> DEMOLICIÓN MANUAL DE ROCA | E45: =+VLOOKUP($C45,'A.P.U'!$B$5:$K$23774,5,0) -> M3 | F45: 1 | G45: =+VLOOKUP($C45,'A.P.U'!$B$5:$K$23785,10,0) -> 406187 | H45: =ROUND((G45*F45),0) -> 406187
B46: Subtotal | H46: =SUM(H25:H45) -> 2606325
B47: CAPÍTULO III OBRAS EN CONCRETO
B48: 3.1 | D48: MUROS Y PANTALLAS
B49: 3.1.1. | C49: 027.002 | D49: =+VLOOKUP($C49,'A.P.U'!$B$5:$K$23785,3,0) -> SUMINISTRO, TRANSPORTE E INSTALACION MURO EN CONCRETO CICLOPEO DE PROPORCION 70% DE CONCRETO 3000 PSI 30% PIEDRA | E49: =+VLOOKUP($C49,'A.P.U'!$B$5:$K$23785,5,0) -> M3 | F49: 1 | G49: =+VLOOKUP($C49,'A.P.U'!$B$5:$K$23785,10,0) -> 1407602 | H49: =ROUND((G49*F49),0) -> 1407602
B50: 3.1.2. | C50: 027.001 | D50: =+VLOOKUP($C50,'A.P.U'!$B$5:$K$23785,3,0) -> SUMINISTRO, TRANSPORTE E INSTALACION DE MUROS DE CONTENCION EN CONCRETO REFORZADO DE 3000 PSI. NO INCLUYE REFUERZO. | E50: =+VLOOKUP($C50,'A.P.U'!$B$5:$K$23785,5,0) -> M3 | F50: 1 | G50: =+VLOOKUP($C50,'A.P.U'!$B$5:$K$23785,10,0) -> 1638892 | H50: =ROUND((G50*F50),0) -> 1638892
B51: 3.1.3. | C51: 027.004 | D51: =+VLOOKUP($C51,'A.P.U'!$B$5:$K$23774,3,0) -> SUMINISTRO, TRANSPORTE E INSTALACION PANTALLA EN CONCRETO REFORZADO DE 3000 PSI (No incluye acero) | E51: =+VLOOKUP($C51,'A.P.U'!$B$5:$K$23785,5,0) -> M3 | F51: 1 | G51: =+VLOOKUP($C51,'A.P.U'!$B$5:$K$23785,10,0) -> 1466965 | H51: =ROUND((G51*F51),0) -> 1466965
B52: 3.1.4. | C52: 027.005 | D52: =+VLOOKUP($C52,'A.P.U'!$B$5:$K$23774,3,0) -> SUMINISTRO, TRANSPORTE E INSTALACION PANTALLA EN CONCRETO REFORZADO DE 4000 PSI (No incluye acero) | E52: =+VLOOKUP($C52,'A.P.U'!$B$5:$K$23785,5,0) -> M3 | F52: 1 | G52: =+VLOOKUP($C52,'A.P.U'!$B$5:$K$23785,10,0) -> 1589187 | H52: =ROUND((G52*F52),0) -> 1589187
B53: 3.2. | D53: RECUBRIMIENTOS Y MORTEROS
B54: 3.2.1 | C54: ='A.P.U'!B241 -> 002A.001 | D54: =+VLOOKUP($C54,'A.P.U'!$B$5:$K$23774,3,0) -> SUMINISTRO, TRANSPORTE E INSTALACION SOLADO DE LIMPIEZA 2.000 PSI | E54: =+VLOOKUP($C54,'A.P.U'!$B$5:$K$23774,5,0) -> M3 | F54: 1 | G54: =+VLOOKUP($C54,'A.P.U'!$B$5:$K$23785,10,0) -> 885435 | H54: =ROUND((G54*F54),0) -> 885435
B55: 3.2.2 | C55: 032.159 | D55: =+VLOOKUP($C55,'A.P.U'!$B$5:$K$23774,3,0) -> MORTERO DE NIVELACION E=0,05 M | E55: =+VLOOKUP($C55,'A.P.U'!$B$5:$K$23774,5,0) -> M2 | F55: 1 | G55: =+VLOOKUP($C55,'A.P.U'!$B$5:$K$23785,10,0) -> 56215 | H55: =ROUND((G55*F55),0) -> 56215
B56: 3.2.3 | C56: 027.007 | D56: =+VLOOKUP($C56,'A.P.U'!$B$5:$K$23774,3,0) -> SUMINISTRO, TRANSPORTE E INSTALACION RECUBRIMIENTO DE BERMAS CONCRETO de 3000 PSI e=0,1m | E56: =+VLOOKUP($C56,'A.P.U'!$B$5:$K$23774,5,0) -> M3 | F56: 1 | G56: =+VLOOKUP($C56,'A.P.U'!$B$5:$K$23785,10,0) -> 1380225 | H56: =ROUND((G56*F56),0) -> 1380225
B57: 3.2.4 | C57: 027.008 | D57: =+VLOOKUP($C57,'A.P.U'!$B$5:$K$23774,3,0) -> SUMINISTRO, TRANSPORTE E INSTALACION RECUBRIMIENTO DE GAVIONES CONCRETO DE 3000 PSI | E57: =+VLOOKUP($C57,'A.P.U'!$B$5:$K$23774,5,0) -> M3 | F57: 1 | G57: =+VLOOKUP($C57,'A.P.U'!$B$5:$K$23785,10,0) -> 1390306 | H57: =ROUND((G57*F57),0) -> 1390306
B58: 3.2.5 | C58: 027.011 | D58: =+VLOOKUP($C58,'A.P.U'!$B$5:$K$23774,3,0) -> SUMINISTRO, TRANSPORTE E INSTALACION ENROCADOS CON LIGANTE DE CONCRETO 3000 PSI PARA PROTECCION DE ENTREGAS O REVESTIMIENTO DE CAUCES - DOSIFICACION: CONCRETO 40%, PIEDRA 60% | E58: M3 | F58: 1 | G58: =+VLOOKUP($C58,'A.P.U'!$B$5:$K$23785,10,0) -> 853370 | H58: =ROUND((G58*F58),0) -> 853370
B59: 3.2.6 | C59: 001.061 | D59: =+VLOOKUP($C59,'A.P.U'!$B$5:$K$23774,3,0) -> SUMINISTRO, TRANSPORTE E INSTALACION CORDÓN PARA CONTROL DE AGUAS LLUVIAS CON SUELO CEMENTO | E59: =+VLOOKUP($C59,'A.P.U'!$B$5:$K$23785,5,0) -> ML | F59: 1 | G59: =+VLOOKUP($C59,'A.P.U'!$B$5:$K$23785,10,0) -> 9102 | H59: =ROUND((G59*F59),0) -> 9102
B60: 3.3 | D60: ANCLAJES
B61: 3.3.1 | C61: 027.014 | D61: =+VLOOKUP($C61,'A.P.U'!$B$5:$K$23774,3,0) -> SUMINISTRO, TRANSPORTE E INSTALACION ANCLAJE ACTIVO CABLE 1/2" x 4 ALTA RESISTENCIA - PERFORACION DE 5" | E61: =+VLOOKUP($C61,'A.P.U'!$B$5:$K$23785,5,0) -> ML | F61: 1 | G61: =+VLOOKUP($C61,'A.P.U'!$B$5:$K$23785,10,0) -> 648402 | H61: =ROUND((G61*F61),0) -> 648402
B62: 3.3.2 | C62: 027.015 | D62: =+VLOOKUP($C62,'A.P.U'!$B$5:$K$23774,3,0) -> SUMINISTRO, TRANSPORTE E INSTALACION DADOS EN CONCRETO REFORZADO 4000 PSI PARA PANTALLA ACTIVA | E62: =+VLOOKUP($C62,'A.P.U'!$B$5:$K$23785,5,0) -> M3 | F62: 1 | G62: =+VLOOKUP($C62,'A.P.U'!$B$5:$K$23785,10,0) -> 1609738 | H62: =ROUND((G62*F62),0) -> 1609738
B63: 3.3.3 | C63: 027.042 | D63: =+VLOOKUP($C63,'A.P.U'!$B$5:$K$23774,3,0) -> SUMINISTRO, TRANSPORTE E INSTALACIÓN DE ANCLAJES PASIVOS CON LECHADA A/C 0.45 INYECTADA CON BOMBA CON PERFORACION MANUAL(Incluye aditivo expansor y plastificante) - No Incluye acero | E63: =+VLOOKUP($C63,'A.P.U'!$B$5:$K$23785,5,0) -> ML | F63: 1 | G63: =+VLOOKUP($C63,'A.P.U'!$B$5:$K$23785,10,0) -> 83155 | H63: =ROUND((G63*F63),0) -> 83155
B64: 3.3.4 | C64: 027.043 | D64: =+VLOOKUP($C64,'A.P.U'!$B$5:$K$23774,3,0) -> SUMINISTRO, TRANSPORTE E INSTALACIÓN DE ANCLAJES PASIVOS CON LECHADA A/C 0.45 INYECTADA CON BOMBA CON PERFORACION MECÁNICA(Incluye aditivos expansor y plastificante) - No Incluye acero | E64: =+VLOOKUP($C64,'A.P.U'!$B$5:$K$23785,5,0) -> ML | F64: 1 | G64: =+VLOOKUP($C64,'A.P.U'!$B$5:$K$23785,10,0) -> 284340 | H64: =ROUND((G64*F64),0) -> 284340
B65: 3.3.5 | C65: 006.032 | D65: =+VLOOKUP($C65,'A.P.U'!$B$5:$K$23774,3,0) -> SUMINISTRO, TRANSPORTE E INSTALACION ANCLAJE EPOXICO 3/8" L=20 cm (Incluye perforación y adhesivo epóxico) | E65: =+VLOOKUP($C65,'A.P.U'!$B$5:$K$23785,5,0) -> UND | F65: 1 | G65: =+VLOOKUP($C65,'A.P.U'!$B$5:$K$23785,10,0) -> 28304 | H65: =ROUND((G65*F65),0) -> 28304
B66: 3.4. | D66: CUNETAS, CANALES Y ZANJAS COLECTORAS
B67: 3.4.1. | C67: 033.139 | D67: =+VLOOKUP($C67,'A.P.U'!$B$5:$K$23774,3,0) -> SUMINISTRO, TRANSPORTE E INSTALACION ZANJA COLECTORA EN CONCRETO DE 3000 PSI PRODUCIDO EN OBRA | E67: =+VLOOKUP($C67,'A.P.U'!$B$5:$K$23785,5,0) -> M3 | F67: 1 | G67: =+VLOOKUP($C67,'A.P.U'!$B$5:$K$23785,10,0) -> 1514654 | H67: =ROUND((G67*F67),0) -> 1514654
B68: 3.4.2. | C68: 027.044 | D68: =+VLOOKUP($C68,'A.P.U'!$B$5:$K$23774,3,0) -> SUMINISTRO, TRANSPORTE E INSTALACION CANALES ESCALONADOS EN CONCRETO DE 3000 PSI PRODUCIDO EN OBRA (Incluye malla electrosoldada 15x15x5.0mm) | E68: =+VLOOKUP($C68,'A.P.U'!$B$5:$K$23785,5,0) -> M3 | F68: 1 | G68: =+VLOOKUP($C68,'A.P.U'!$B$5:$K$23785,10,0) -> 1604098 | H68: =ROUND((G68*F68),0) -> 1604098
B69: 3.4.3. | C69: 027.009 | D69: =+VLOOKUP($C69,'A.P.U'!$B$5:$K$23774,3,0) -> SUMINISTRO, TRANSPORTE E INSTALACION CANALES CON PANTALLAS DEFLECTORAS Y RAPIDAS CON TAPA EN CONCRETO DE 3000 PSI PRODUCIDO EN OBRA | E69: =+VLOOKUP($C69,'A.P.U'!$B$5:$K$23785,5,0) -> M3 | F69: 1 | G69: =+VLOOKUP($C69,'A.P.U'!$B$5:$K$23785,10,0) -> 1726652 | H69: =ROUND((G69*F69),0) -> 1726652
B70: 3.4.4. | C70: 027.045 | D70: =+VLOOKUP($C70,'A.P.U'!$B$5:$K$23774,3,0) -> ACEQUIA EN CONCRETO CLASE III Y MALLA DE GALLINERO | E70: =+VLOOKUP($C70,'A.P.U'!$B$5:$K$23785,5,0) -> M3 | F70: 1 | G70: =+VLOOKUP($C70,'A.P.U'!$B$5:$K$23785,10,0) -> 1346611 | H70: =ROUND((G70*F70),0) -> 1346611
B71: 3.5 | D71: CIMENTACIONES
B72: 3.5.1. | C72: 002A.019 | D72: =+VLOOKUP($C72,'A.P.U'!$B$5:$K$23774,3,0) -> SUMINISTRO, TRANSPORTE E INSTALACION PILOTES EN CONCRETO 3000 PSI | E72: =+VLOOKUP($C72,'A.P.U'!$B$5:$K$23785,5,0) -> M3 | F72: 1 | G72: =+VLOOKUP($C72,'A.P.U'!$B$5:$K$23785,10,0) -> 1257129 | H72: =ROUND((G72*F72),0) -> 1257129
B73: 3.5.2. | C73: 002A.005 | D73: =+VLOOKUP($C73,'A.P.U'!$B$5:$K$23774,3,0) -> SUMINISTRO, TRANSPORTE E INSTALACION VIGA CIMENTACION CONCRETO 3000 PSI | E73: =+VLOOKUP($C73,'A.P.U'!$B$5:$K$23785,5,0) -> M3 | F73: 1 | G73: =+VLOOKUP($C73,'A.P.U'!$B$5:$K$23785,10,0) -> 1341483 | H73: =ROUND((G73*F73),0) -> 1341483
B74: 3.6. | D74: ANDENES, ESCALAS Y SARDINELES
B75: 3.6.1. | C75: 032.015 | D75: =+VLOOKUP($C75,'A.P.U'!$B$5:$K$23774,3,0) -> CORTE MECANIZADO DE ANDEN EN CONCRETO CON DISCO (3,5CM) | E75: =+VLOOKUP($C75,'A.P.U'!$B$5:$K$23785,5,0) -> ML | F75: 1 | G75: =+VLOOKUP($C75,'A.P.U'!$B$5:$K$23785,10,0) -> 13038 | H75: =ROUND((G75*F75),0) -> 13038
B76: 3.6.2. | C76: 032.016 | D76: =+VLOOKUP($C76,'A.P.U'!$B$5:$K$23774,3,0) -> SUMINISTRO, TRANSPORTE E INSTALACION ANDEN CONCRETO 3000 PSI E= 0.10M. ACABADO: ESCOBIADO | E76: =+VLOOKUP($C76,'A.P.U'!$B$5:$K$23785,5,0) -> M2 | F76: 1 | G76: =+VLOOKUP($C76,'A.P.U'!$B$5:$K$23785,10,0) -> 168567 | H76: =ROUND((G76*F76),0) -> 168567
B77: 3.6.3. | C77: 021.034 | D77: =+VLOOKUP($C77,'A.P.U'!$B$5:$K$23774,3,0) -> SUMINISTRO, TRANSPORTE E INSTALACION ESCALAS CONCRETO 3000 PSI E= 0.10M. SOBRE TIERRA ACABADO ESCOBIADO | E77: =+VLOOKUP($C77,'A.P.U'!$B$5:$K$23785,5,0) -> M2 | F77: 1 | G77: =+VLOOKUP($C77,'A.P.U'!$B$5:$K$23785,10,0) -> 243230 | H77: =ROUND((G77*F77),0) -> 243230
B78: 3.6.4. | C78: 021.016 | D78: =+VLOOKUP($C78,'A.P.U'!$B$5:$K$23774,3,0) -> SUMINISTRO, TRANSPORTE E INSTALACION SARDINEL CHAFLANADO ANCHO = 20 CM H = ENTRE 17 Y 24 CM EN CONCRETO 3000 PSI | E78: =+VLOOKUP($C78,'A.P.U'!$B$5:$K$23785,5,0) -> ML | F78: 1 | G78: =+VLOOKUP($C78,'A.P.U'!$B$5:$K$23785,10,0) -> 123007 | H78: =ROUND((G78*F78),0) -> 123007
B79: 3.7, | D79: PAVIMENTOS
B80: 3.7.1. | C80: 4001 | D80: =+VLOOKUP($C80,'A.P.U'!$B$5:$K$23774,3,0) -> SUMINISTRO, TRANSPORTE E INSTALACION BASE GRANULAR COMPACTADA CON RANA | E80: =+VLOOKUP($C80,'A.P.U'!$B$5:$K$23785,5,0) -> M3 | F80: 1 | G80: =+VLOOKUP($C80,'A.P.U'!$B$5:$K$23785,10,0) -> 293483 | H80: =ROUND((G80*F80),0) -> 293483
B81: 3.7.2. | C81: 23034 | D81: =+VLOOKUP($C81,'A.P.U'!$B$5:$K$23774,3,0) -> CORTE MECANIZADO DE PAVIMENTO A=5 MM PROFUNDIDAD UN TERCIO DEL ESPESOR | E81: =+VLOOKUP($C81,'A.P.U'!$B$5:$K$23785,5,0) -> ML | F81: 1 | G81: =+VLOOKUP($C81,'A.P.U'!$B$5:$K$23785,10,0) -> 14545 | H81: =ROUND((G81*F81),0) -> 14545
B82: 3.7.3. | C82: 23045 | D82: =+VLOOKUP($C82,'A.P.U'!$B$5:$K$23774,3,0) -> CANASTILLA DE SOPORTE DE DOVELAS EN HIERRO 3/8" Y 1/4" | E82: =+VLOOKUP($C82,'A.P.U'!$B$5:$K$23785,5,0) -> ML | F82: 1 | G82: =+VLOOKUP($C82,'A.P.U'!$B$5:$K$23785,10,0) -> 25861 | H82: =ROUND((G82*F82),0) -> 25861
B83: 3.7.4. | C83: 23046 | D83: =+VLOOKUP($C83,'A.P.U'!$B$5:$K$23774,3,0) -> DOVELAS DE ACERO LISO 60000 PSI PARA PAVIMENTOS | E83: =+VLOOKUP($C83,'A.P.U'!$B$5:$K$23785,5,0) -> KG | F83: 1 | G83: =+VLOOKUP($C83,'A.P.U'!$B$5:$K$23785,10,0) -> 22813 | H83: =ROUND((G83*F83),0) -> 22813
B84: 3.7.5. | C84: 33120 | D84: =+VLOOKUP($C84,'A.P.U'!$B$5:$K$23774,3,0) -> SUMINISTRO, TRANSPORTE E INSTALACION PAVIMENTO EN CONCRETO PRODUCIDO EN OBRA MR 42 CON ACELERANTE A 7 DIAS | E84: =+VLOOKUP($C84,'A.P.U'!$B$5:$K$23785,5,0) -> M3 | F84: 1 | G84: =+VLOOKUP($C84,'A.P.U'!$B$5:$K$23785,10,0) -> 1812962 | H84: =ROUND((G84*F84),0) -> 1812962
B85: 3.8. | D85: VARIOS
B86: 3.8.1. | C86: 005.079 | D86: =+VLOOKUP($C86,'A.P.U'!$B$5:$K$23774,3,0) -> SUMINISTRO, TRANSPORTE E INSTALACION CINTA SIKA PVC V - 10 PARA JUNTAS | E86: =+VLOOKUP($C86,'A.P.U'!$B$5:$K$23785,5,0) -> ML | F86: 1 | G86: =+VLOOKUP($C86,'A.P.U'!$B$5:$K$23785,10,0) -> 48512 | H86: =ROUND((G86*F86),0) -> 48512
B87: 3.8.2. | C87: 005.001 | D87: =+VLOOKUP($C87,'A.P.U'!$B$5:$K$23774,3,0) -> SUMINISTRO, TRANSPORTE E INSTALACION MALLA ELECTROSOLDADA (Incluye alambre negro, colocación y traslapo). | E87: =+VLOOKUP($C87,'A.P.U'!$B$5:$K$23785,5,0) -> KG | F87: 1 | G87: =+VLOOKUP($C87,'A.P.U'!$B$5:$K$23785,10,0) -> 12145 | H87: =ROUND((G87*F87),0) -> 12145
B88: 3.8.3. | C88: 005.112 | D88: =+VLOOKUP($C88,'A.P.U'!$B$5:$K$23774,3,0) -> SUMINISTRO, TRANSPORTE E INSTALACIÓN DE ACERO DE REFUERZO FY = 60.000 PSI = 420 MPA (INCLUYE NALAMBRE NEGRO Y FIGURACIÓN) | E88: =+VLOOKUP($C88,'A.P.U'!$B$5:$K$23785,5,0) -> KG | F88: 1 | G88: =+VLOOKUP($C88,'A.P.U'!$B$5:$K$23785,10,0) -> 10992 | H88: =ROUND((G88*F88),0) -> 10992
B89: 3.8.4. | C89: ='A.P.U'!B448 -> 024.160 | D89: =+VLOOKUP($C89,'A.P.U'!$B$5:$K$23774,3,0) -> SUMINISTRO, TRANSPORTE E INSTALACION CAJA DE INSPECCIÓN EMPALME DOMICILIARIO TIPO I (0,60X0,60 M) EN CONCRETO CLASE II INCLUYE TAPA Y CAÑUELA | E89: =+VLOOKUP($C89,'A.P.U'!$B$5:$K$23785,5,0) -> ML | F89: 1 | G89: =+VLOOKUP($C89,'A.P.U'!$B$5:$K$23785,10,0) -> 775577 | H89: =ROUND((G89*F89),0) -> 775577
B90: Subtotal | H90: =SUM(H49:H89) -> 25686597
B91: CAPÍTULO IV GAVIONES
B92: 4.1. | C92: 027.003 | D92: =+VLOOKUP($C92,'A.P.U'!$B$5:$K$23774,3,0) -> SUMINISTRO, TRANSPORTE E INSTALACION GAVIONES EN MALLA GALVANIZADA TRIPLE TORSION 2.0x1.0x1.0M CAL. 12 | E92: =+VLOOKUP($C92,'A.P.U'!$B$5:$K$23774,5,0) -> M3 | F92: 1 | G92: =+VLOOKUP($C92,'A.P.U'!$B$5:$K$23785,10,0) -> 502288 | H92: =ROUND((G92*F92),0) -> 502288
B93: Subtotal | H93: =SUM(H92) -> 502288
B94: CAPÍTULO V DRENAJE SUBTERRÁNEO
B95: 5.1 | C95: 033.156 | D95: =+VLOOKUP($C95,'A.P.U'!$B$5:$K$23774,3,0) -> SUMINISTRO, TRANSPORTE E INSTALACIÓN DE MATERIAL GRANULAR PARA SUBDRENES Y DRENAJES | E95: =+VLOOKUP($C95,'A.P.U'!$B$5:$K$23774,5,0) -> M3 | F95: 1 | G95: =+VLOOKUP($C95,'A.P.U'!$B$5:$K$23785,10,0) -> 164090 | H95: =ROUND((G95*F95),0) -> 164090
B96: 5.2 | C96: 033.157 | D96: =+VLOOKUP($C96,'A.P.U'!$B$5:$K$23774,3,0) -> SUMINISTRO, TRANSPORTE E INSTALACIÓN DE TUBERÍA PVC TIPO PAVCO DE 100 MM PARA SUBDRENES Y DRENAJES | E96: =+VLOOKUP($C96,'A.P.U'!$B$5:$K$23774,5,0) -> ML | F96: 1 | G96: =+VLOOKUP($C96,'A.P.U'!$B$5:$K$23785,10,0) -> 42421 | H96: =ROUND((G96*F96),0) -> 42421
B97: 5.3 | C97: 022.008 | D97: LIMPIEZA DE DRENES Y FILTROS | E97: ML | F97: 1 | G97: =+VLOOKUP($C97,'A.P.U'!$B$5:$K$23785,10,0) -> 13104 | H97: =ROUND((G97*F97),0) -> 13104
B98: 4.4 | C98: 024.152 | D98: =+VLOOKUP($C98,'A.P.U'!$B$5:$K$23785,3,0) -> SUMINISTRO, TRANSPORTE E INSTALACION DE TUBERIA PVC SANITARIA DE 2" | E98: =+VLOOKUP($C98,'A.P.U'!$B$5:$K$23785,5,0) -> ML | F98: 1 | G98: =+VLOOKUP($C98,'A.P.U'!$B$5:$K$23785,10,0) -> 29967 | H98: =ROUND((G98*F98),0) -> 29967
B99: 5.5 | C99: 024.004 | D99: =+VLOOKUP($C99,'A.P.U'!$B$5:$K$23785,3,0) -> SUMINISTRO, TRANSPORTE E INSTALACION TUBERÍA PVC CORRUGADA DE 200 M.M. (8") PARA ALCANTARILLADO | E99: =+VLOOKUP($C99,'A.P.U'!$B$5:$K$23785,5,0) -> ML | F99: 1 | G99: =+VLOOKUP($C99,'A.P.U'!$B$5:$K$23785,10,0) -> 112110 | H99: =ROUND((G99*F99),0) -> 112110
B100: 5.6 | C100: 024.006 | D100: =+VLOOKUP($C100,'A.P.U'!$B$5:$K$23785,3,0) -> SUMINISTRO, TRANSPORTE E INSTALACION TUBERÍA PVC CORRUGADA DE 250 M.M. (10") PARA ALCANTARILLADO | E100: =+VLOOKUP($C100,'A.P.U'!$B$5:$K$23785,5,0) -> ML | F100: 1 | G100: =+VLOOKUP($C100,'A.P.U'!$B$5:$K$23785,10,0) -> 160409 | H100: =ROUND((G100*F100),0) -> 160409
B101: 5.7 | D101: DRENES SUBHORIZONTALES
B102: 5.7.1 | C102: 027.019 | D102: =+VLOOKUP($C102,'A.P.U'!$B$5:$K$23774,3,0) -> SUMINISTRO, TRANSPORTE E INSTALACION DE DRENES HORIZONTALES EN TIERRA CON TUBERIA Ø 3" SANITARIA PERFORADA HASTA L=10m (Incluye perforación manual) | E102: =+VLOOKUP($C102,'A.P.U'!$B$5:$K$23774,5,0) -> ML | F102: 1 | G102: =+VLOOKUP($C102,'A.P.U'!$B$5:$K$23785,10,0) -> 79228 | H102: =ROUND((G102*F102),0) -> 79228
B103: 5.7.2 | C103: 027.020 | D103: =+VLOOKUP($C103,'A.P.U'!$B$5:$K$23774,3,0) -> SUMINISTRO, TRANSPORTE E INSTALACION DE DRENES HORIZONTALES EN TIERRA CON TUBERÍA Ø 3" SANITARIA PERFORADA CON EQUIPO MECÁNICO | E103: =+VLOOKUP($C103,'A.P.U'!$B$5:$K$23774,5,0) -> ML | F103: 1 | G103: =+VLOOKUP($C103,'A.P.U'!$B$5:$K$23785,10,0) -> 219928 | H103: =ROUND((G103*F103),0) -> 219928
B104: 5.7.3 | C104: 027.021 | D104: =+VLOOKUP($C104,'A.P.U'!$B$5:$K$23774,3,0) -> SUMINISTRO, TRANSPORTE E INSTALACION DE DRENES HORIZONTALES EN CONGLOMERADO CON TUBERÍA Ø 3" SANITARIA PERFORADA CON EQUIPO MECÁNICO | E104: =+VLOOKUP($C104,'A.P.U'!$B$5:$K$23774,5,0) -> ML | F104: 1 | G104: =+VLOOKUP($C104,'A.P.U'!$B$5:$K$23785,10,0) -> 241712 | H104: =ROUND((G104*F104),0) -> 241712
B105: 5.7.4 | C105: 027.023 | D105: =+VLOOKUP($C105,'A.P.U'!$B$5:$K$23774,3,0) -> SUMINISTRO, TRANSPORTE E INSTALACION DE DRENES HORIZONTALES EN ROCA CON TUBERÍA Ø 3" SANITARIA PERFORADA CON EQUIPO MECÁNICO | E105: =+VLOOKUP($C105,'A.P.U'!$B$5:$K$23774,5,0) -> ML | F105: 1 | G105: =+VLOOKUP($C105,'A.P.U'!$B$5:$K$23785,10,0) -> 354588 | H105: =ROUND((G105*F105),0) -> 354588
B106: 5.8 | D106: GEOTEXTILES
B107: 5.8.1 | C107: 004.007 | D107: =+VLOOKUP($C107,'A.P.U'!$B$5:$K$23774,3,0) -> SUMINISTRO, TRANSPORTE E INSTALACION GEOTEXTIL NO TEJIDO 1600 | E107: =+VLOOKUP($C107,'A.P.U'!$B$5:$K$23774,5,0) -> M2 | F107: 1 | G107: =+VLOOKUP($C107,'A.P.U'!$B$5:$K$23785,10,0) -> 8933 | H107: =ROUND((G107*F107),0) -> 8933
...

Sheet PRESUPUESTO OFICIAL
C3: Formulario 1 - Propuesta económica - Documento tipo de licitación de obra pública de infraestructura de transporte - versión 4
C4: Código | F4: CCE-EICP-FM-14 | G4: Versión | H4: 4
B8: FORMULARIO 1
B9: PRESUPUESTO OFICIAL
B10: [La entidad puede utilizar este formulario de detalle del presupuesto oficial para determinar las condiciones bajo las cuales los proponentes analizarán y presentarán su propuesta económica de forma detallada, sin perjuicio que la entidad pueda modificarlo o establecer la presentación de la oferta económica con un formulario distinto al indicado.]
B12: Adicionalmente, cuando el proceso de contratación es estructurado por precios unitarios, la Entidad debe aplicar las notas 1, 2 y 3 del presente formulario y las casillas de "Descripción", "Porcentaje" de la Administración, Utilidad y total A.U. resaltadas en color amarillo. Tratándose de otras modalidades de precio, la Entidad puede o no configurar los mismos aspectos.
B14: Nº | C14: ITEM DE PAGO | D14: ESPECIFICACIONES | F14: DESCRIPCION | G14: UND. | H14: CANTIDAD | I14: VALOR UNITARIO | J14: VALOR TOTAL
D15: GENERAL | E15: PARTICULAR
B16: CAPÍTULO I TRABAJOS PRELIMINARES
B17: 1.1 | C17: ='A.P.U'!B5 -> 001.043 | F17: =+VLOOKUP($C17,'A.P.U'!$B$5:$K$23785,3,0) -> ROCERIA Y LIMPIEZA | G17: =+VLOOKUP($C17,'A.P.U'!$B$5:$K$23785,5,0) -> M2 | H17: 1 | I17: =+VLOOKUP($C17,'A.P.U'!$B$5:$K$23785,10,0) -> 2475 | J17: =ROUND((I17*H17),0) -> 2475
B18: 1.2 | C18: ='A.P.U'!B11 -> 001.049 | F18: =+VLOOKUP($C18,'A.P.U'!$B$5:$K$23785,3,0) -> SUMINISTRO, TRANSPORTE E INSTALACIÓN CERRAMIENTO EN YUTE H= 2 M | G18: =+VLOOKUP($C18,'A.P.U'!$B$5:$K$23785,5,0) -> ML | H18: 1 | I18: =+VLOOKUP($C18,'A.P.U'!$B$5:$K$23785,10,0) -> 21457 | J18: =ROUND((I18*H18),0) -> 21457
B19: 1.3 | C19: ='A.P.U'!B19 -> 001.059 | F19: =+VLOOKUP($C19,'A.P.U'!$B$5:$K$23785,3,0) -> SUMINISTRO, TRANSPORTE E INSTALACION TECHADO PROVISIONAL EN GUADUA Y PLÁSTICO | G19: =+VLOOKUP($C19,'A.P.U'!$B$5:$K$23785,5,0) -> M2 | H19: 1 | I19: =+VLOOKUP($C19,'A.P.U'!$B$5:$K$23785,10,0) -> 28867 | J19: =ROUND((I19*H19),0) -> 28867
B20: 1.4 | C20: ='A.P.U'!B29 -> 033.143 | F20: =+VLOOKUP($C20,'A.P.U'!$B$5:$K$23785,3,0) -> SUMINISTRO, TRANSPORTE E INSTALACION TRINCHOS PROVISIONALES EN GUADUA | G20: =+VLOOKUP($C20,'A.P.U'!$B$5:$K$23785,5,0) -> ML | H20: 1 | I20: =+VLOOKUP($C20,'A.P.U'!$B$5:$K$23785,10,0) -> 38499 | J20: =ROUND((I20*H20),0) -> 38499
B21: 1.5 | C21: 030.001 | F21: =+VLOOKUP($C21,'A.P.U'!$B$5:$K$23785,3,0) -> COMISIÓN TOPOGRÁFICA | G21: =+VLOOKUP($C21,'A.P.U'!$B$5:$K$23785,5,0) -> DIA | H21: 1 | I21: =+VLOOKUP($C21,'A.P.U'!$B$5:$K$23785,10,0) -> 983660 | J21: =ROUND((I21*H21),0) -> 983660
B22: Subtotal | J22: =SUM(J17:J21) -> 1074958
B23: CAPÍTULO II MOVIMIENTO DE TIERRAS
B24: 2.1. | F24: EXCAVACIONES
B25: 2.1.1 | C25: ='A.P.U'!B43 -> 002.001 | F25: =+VLOOKUP($C25,'A.P.U'!$B$5:$K$23785,3,0) -> EXCAVACIÓN EN ZANJA - MATERIAL COMÚN - 0.0 A 2.0 M | G25: =+VLOOKUP($C25,'A.P.U'!$B$5:$K$23785,5,0) -> M3 | H25: 1 | I25: =+VLOOKUP($C25,'A.P.U'!$B$5:$K$23785,10,0) -> 61207 | J25: =ROUND((I25*H25),0) -> 61207
B26: 2.1.2 | C26: ='A.P.U'!B50 -> 002.002 | F26: =+VLOOKUP($C26,'A.P.U'!$B$5:$K$23785,3,0) -> EXCAVACIÓN EN ZANJA - MATERIAL COMÚN - 2.01 A 4.00 M | G26: =+VLOOKUP($C26,'A.P.U'!$B$5:$K$23785,5,0) -> M3 | H26: 1 | I26: =+VLOOKUP($C26,'A.P.U'!$B$5:$K$23785,10,0) -> 68452 | J26: =ROUND((I26*H26),0) -> 68452
B27: 2.1.3 | C27: ='A.P.U'!B56 -> 002.004 | F27: =+VLOOKUP($C27,'A.P.U'!$B$5:$K$23785,3,0) -> EXCAVACIÓN EN ZANJA - CONGLOMERADO - 0.0 A 2.0 M | G27: =+VLOOKUP($C27,'A.P.U'!$B$5:$K$23785,5,0) -> M3 | H27: 1 | I27: =+VLOOKUP($C27,'A.P.U'!$B$5:$K$23785,10,0) -> 85485 | J27: =ROUND((I27*H27),0) -> 85485
B28: 2.1.4 | C28: ='A.P.U'!B63 -> 002.005 | F28: =+VLOOKUP($C28,'A.P.U'!$B$5:$K$23785,3,0) -> EXCAVACIÓN EN ZANJA - CONGLOMERADO - 2.01 A 4.00 M | G28: =+VLOOKUP($C28,'A.P.U'!$B$5:$K$23785,5,0) -> M3 | H28: 1 | I28: =+VLOOKUP($C28,'A.P.U'!$B$5:$K$23785,10,0) -> 113386 | J28: =ROUND((I28*H28),0) -> 113386
B29: 2.1.5 | C29: ='A.P.U'!B70 -> 002.010 | F29: =+VLOOKUP($C29,'A.P.U'!$B$5:$K$23785,3,0) -> EXCAVACIÓN PARA ESTRUCTURAS - MATERIAL COMÚN - 0.0 A 2.0 M | G29: =+VLOOKUP($C29,'A.P.U'!$B$5:$K$23785,5,0) -> M3 | H29: 1 | I29: =+VLOOKUP($C29,'A.P.U'!$B$5:$K$23785,10,0) -> 85485 | J29: =ROUND((I29*H29),0) -> 85485
B30: 2.1.6 | C30: ='A.P.U'!B77 -> 002.012 | F30: =+VLOOKUP($C30,'A.P.U'!$B$5:$K$23785,3,0) -> EXCAVACIÓN PARA ESTRUCTURAS - CONGLOMERADO - 0.0 A 2.0 M | G30: =+VLOOKUP($C30,'A.P.U'!$B$5:$K$23785,5,0) -> M3 | H30: 1 | I30: =+VLOOKUP($C30,'A.P.U'!$B$5:$K$23785,10,0) -> 108773 | J30: =ROUND((I30*H30),0) -> 108773
B31: 2.1.7 | C31: ='A.P.U'!B84 -> 002.016 | F31: =+VLOOKUP($C31,'A.P.U'!$B$5:$K$23785,3,0) -> EXCAVACIÓN A CIELO ABIERTO - MATERIAL COMÚN - 0.0 A 2.0 M | G31: =+VLOOKUP($C31,'A.P.U'!$B$5:$K$23785,5,0) -> M3 | H31: 1 | I31: =+VLOOKUP($C31,'A.P.U'!$B$5:$K$23785,10,0) -> 66336 | J31: =ROUND((I31*H31),0) -> 66336
B32: 2.1.8 | C32: ='A.P.U'!B91 -> 002.017 | F32: =+VLOOKUP($C32,'A.P.U'!$B$5:$K$23785,3,0) -> EXCAVACIÓN A CIELO ABIERTO - CONGLOMERADO - 0.0 A 2.0 M | G32: =+VLOOKUP($C32,'A.P.U'!$B$5:$K$23785,5,0) -> M3 | H32: 1 | I32: =+VLOOKUP($C32,'A.P.U'!$B$5:$K$23785,10,0) -> 94671 | J32: =ROUND((I32*H32),0) -> 94671
B33: 2.1.9 | C33: 032.083 | F33: =+VLOOKUP($C33,'A.P.U'!$B$5:$K$23785,3,0) -> EXCAVACION PARA PILOTES D=< a 45 cm (0-6)m | G33: =+VLOOKUP($C33,'A.P.U'!$B$5:$K$23785,5,0) -> ML | H33: 1 | I33: =+VLOOKUP($C33,'A.P.U'!$B$5:$K$23785,10,0) -> 104410 | J33: =ROUND((I33*H33),0) -> 104410
B34: 2.1.10 | C34: 033.090 | F34: =+VLOOKUP($C34,'A.P.U'!$B$5:$K$23785,3,0) -> CONFORMACION TALUDES SISTEMA MANUAL | G34: =+VLOOKUP($C34,'A.P.U'!$B$5:$K$23785,5,0) -> M3 | H34: 1 | I34: =+VLOOKUP($C34,'A.P.U'!$B$5:$K$23785,10,0) -> 65050 | J34: =ROUND((I34*H34),0) -> 65050
B35: 2.2. | F35: RELLENOS
B36: 2.2.1. | C36: 002.049 | F36: =+VLOOKUP($C36,'A.P.U'!$B$5:$K$23785,3,0) -> RELLENO EN MATERIAL SELECCIONADO PROVENIENTE DE LA EXCAVACION (APISONADO) | G36: =+VLOOKUP($C36,'A.P.U'!$B$5:$K$23785,5,0) -> M3 | H36: 1 | I36: =+VLOOKUP($C36,'A.P.U'!$B$5:$K$23785,10,0) -> 69678 | J36: =ROUND((I36*H36),0) -> 69678
B37: 2.2.2. | C37: 002.053 | F37: =+VLOOKUP($C37,'A.P.U'!$B$5:$K$23785,3,0) -> RELLENO COMPACTADO CON MATERIAL DE PRESTAMO | G37: =+VLOOKUP($C37,'A.P.U'!$B$5:$K$23785,5,0) -> M3 | H37: 1 | I37: =+VLOOKUP($C37,'A.P.U'!$B$5:$K$23785,10,0) -> 124403 | J37: =ROUND((I37*H37),0) -> 124403
B38: 2.2.3. | C38: ='A.P.U'!B124 -> 027.049 | F38: ='A.P.U'!D124 -> RELLENOS PARA CONFORMACIÓN DE TALUDES CON COSTALES DE FIBRA Y SUELO CON MATERIAL IN SITU | G38: M3 | H38: 1 | I38: =+VLOOKUP($C38,'A.P.U'!$B$5:$K$23785,10,0) -> 212880 | J38: =ROUND((I38*H38),0) -> 212880
B39: 2.2.4. | C39: 004.013 | F39: =+VLOOKUP($C39,'A.P.U'!$B$5:$K$23785,3,0) -> SUMINISTRO, TRANSPORTE E INSTALACION AFIRMADO COMPACTADO PARA ESTRUCTURAS | G39: =+VLOOKUP($C39,'A.P.U'!$B$5:$K$23785,5,0) -> M3 | H39: 1 | I39: =+VLOOKUP($C39,'A.P.U'!$B$5:$K$23785,10,0) -> 208734 | J39: =ROUND((I39*H39),0) -> 208734
B40: 2.2.5. | C40: 002.057 | F40: =+VLOOKUP($C40,'A.P.U'!$B$5:$K$23785,3,0) -> REPALEO MANUAL | G40: =+VLOOKUP($C40,'A.P.U'!$B$5:$K$23785,5,0) -> M3 | H40: 1 | I40: =+VLOOKUP($C40,'A.P.U'!$B$5:$K$23785,10,0) -> 17967 | J40: =ROUND((I40*H40),0) -> 17967
B41: 2.3. | F41: DEMOLICIONES Y PERFORACIONES
B42: 2.3.1. | C42: 029.001 | F42: =+VLOOKUP($C42,'A.P.U'!$B$5:$K$23774,3,0) -> DEMOLICIÓN MECÁNICA DE ESTRUCTURAS DE CONCRETO HIDRÁULICO - INCLUYE CARGUE, TRANSPORTE Y DISPOSICIÓN | G42: =+VLOOKUP($C42,'A.P.U'!$B$5:$K$23774,5,0) -> M3 | H42: 1 | I42: =+VLOOKUP($C42,'A.P.U'!$B$5:$K$23785,10,0) -> 224173 | J42: =ROUND((I42*H42),0) -> 224173
B43: 2.3.2. | C43: 002.087 | F43: =+VLOOKUP($C43,'A.P.U'!$B$5:$K$23774,3,0) -> PERFORACIÓN CON CUÑA HIDRÁULICA (Incluye operador, transporte y combustible) | G43: =+VLOOKUP($C43,'A.P.U'!$B$5:$K$23774,5,0) -> M3-Suelto | H43: 1 | I43: =+VLOOKUP($C43,'A.P.U'!$B$5:$K$23785,10,0) -> 103009 | J43: =ROUND((I43*H43),0) -> 103009
B44: 2.2.3. | C44: 033.161 | F44: =+VLOOKUP($C44,'A.P.U'!$B$5:$K$23774,3,0) -> DEMOLICIÓN MANUAL DE ELEMENTOS EN CONCRETO | G44: =+VLOOKUP($C44,'A.P.U'!$B$5:$K$23774,5,0) -> M3 | H44: 1 | I44: =+VLOOKUP($C44,'A.P.U'!$B$5:$K$23785,10,0) -> 386039 | J44: =ROUND((I44*H44),0) -> 386039
B45: 2.2.4. | C45: 002.088 | F45: =+VLOOKUP($C45,'A.P.U'!$B$5:$K$23774,3,0) -> DEMOLICIÓN MANUAL DE ROCA | G45: =+VLOOKUP($C45,'A.P.U'!$B$5:$K$23774,5,0) -> M3 | H45: 1 | I45: =+VLOOKUP($C45,'A.P.U'!$B$5:$K$23785,10,0) -> 406187 | J45: =ROUND((I45*H45),0) -> 406187
B46: Subtotal | J46: =SUM(J25:J45) -> 2606325
B47: CAPÍTULO III OBRAS EN CONCRETO
B48: 3.1 | F48: MUROS Y PANTALLAS
B49: 3.1.1. | C49: 027.002 | F49: =+VLOOKUP($C49,'A.P.U'!$B$5:$K$23785,3,0) -> SUMINISTRO, TRANSPORTE E INSTALACION MURO EN CONCRETO CICLOPEO DE PROPORCION 70% DE CONCRETO 3000 PSI 30% PIEDRA | G49: =+VLOOKUP($C49,'A.P.U'!$B$5:$K$23785,5,0) -> M3 | H49: 1 | I49: =+VLOOKUP($C49,'A.P.U'!$B$5:$K$23785,10,0) -> 1407602 | J49: =ROUND((I49*H49),0) -> 1407602
B50: 3.1.2. | C50: 027.001 | F50: =+VLOOKUP($C50,'A.P.U'!$B$5:$K$23785,3,0) -> SUMINISTRO, TRANSPORTE E INSTALACION DE MUROS DE CONTENCION EN CONCRETO REFORZADO DE 3000 PSI. NO INCLUYE REFUERZO. | G50: =+VLOOKUP($C50,'A.P.U'!$B$5:$K$23785,5,0) -> M3 | H50: 1 | I50: =+VLOOKUP($C50,'A.P.U'!$B$5:$K$23785,10,0) -> 1638892 | J50: =ROUND((I50*H50),0) -> 1638892
B51: 3.1.3. | C51: 027.004 | F51: =+VLOOKUP($C51,'A.P.U'!$B$5:$K$23774,3,0) -> SUMINISTRO, TRANSPORTE E INSTALACION PANTALLA EN CONCRETO REFORZADO DE 3000 PSI (No incluye acero) | G51: =+VLOOKUP($C51,'A.P.U'!$B$5:$K$23785,5,0) -> M3 | H51: 1 | I51: =+VLOOKUP($C51,'A.P.U'!$B$5:$K$23785,10,0) -> 1466965 | J51: =ROUND((I51*H51),0) -> 1466965
B52: 3.1.4. | C52: 027.005 | F52: =+VLOOKUP($C52,'A.P.U'!$B$5:$K$23774,3,0) -> SUMINISTRO, TRANSPORTE E INSTALACION PANTALLA EN CONCRETO REFORZADO DE 4000 PSI (No incluye acero) | G52: =+VLOOKUP($C52,'A.P.U'!$B$5:$K$23785,5,0) -> M3 | H52: 1 | I52: =+VLOOKUP($C52,'A.P.U'!$B$5:$K$23785,10,0) -> 1589187 | J52: =ROUND((I52*H52),0) -> 1589187
B53: 3.2. | F53: RECUBRIMIENTOS Y MORTEROS
B54: 3.2.1 | C54: ='A.P.U'!B241 -> 002A.001 | F54: =+VLOOKUP($C54,'A.P.U'!$B$5:$K$23774,3,0) -> SUMINISTRO, TRANSPORTE E INSTALACION SOLADO DE LIMPIEZA 2.000 PSI | G54: =+VLOOKUP($C54,'A.P.U'!$B$5:$K$23774,5,0) -> M3 | H54: 1 | I54: =+VLOOKUP($C54,'A.P.U'!$B$5:$K$23785,10,0) -> 885435 | J54: =ROUND((I54*H54),0) -> 885435
B55: 3.2.2 | C55: 032.159 | F55: =+VLOOKUP($C55,'A.P.U'!$B$5:$K$23774,3,0) -> MORTERO DE NIVELACION E=0,05 M | G55: =+VLOOKUP($C55,'A.P.U'!$B$5:$K$23774,5,0) -> M2 | H55: 1 | I55: =+VLOOKUP($C55,'A.P.U'!$B$5:$K$23785,10,0) -> 56215 | J55: =ROUND((I55*H55),0) -> 56215
B56: 3.2.3 | C56: 027.007 | F56: =+VLOOKUP($C56,'A.P.U'!$B$5:$K$23774,3,0) -> SUMINISTRO, TRANSPORTE E INSTALACION RECUBRIMIENTO DE BERMAS CONCRETO de 3000 PSI e=0,1m | G56: =+VLOOKUP($C56,'A.P.U'!$B$5:$K$23774,5,0) -> M3 | H56: 1 | I56: =+VLOOKUP($C56,'A.P.U'!$B$5:$K$23785,10,0) -> 1380225 | J56: =ROUND((I56*H56),0) -> 1380225
B57: 3.2.4 | C57: 027.008 | F57: =+VLOOKUP($C57,'A.P.U'!$B$5:$K$23774,3,0) -> SUMINISTRO, TRANSPORTE E INSTALACION RECUBRIMIENTO DE GAVIONES CONCRETO DE 3000 PSI | G57: =+VLOOKUP($C57,'A.P.U'!$B$5:$K$23774,5,0) -> M3 | H57: 1 | I57: =+VLOOKUP($C57,'A.P.U'!$B$5:$K$23785,10,0) -> 1390306 | J57: =ROUND((I57*H57),0) -> 1390306
B58: 3.2.5 | C58: 027.011 | F58: =+VLOOKUP($C58,'A.P.U'!$B$5:$K$23774,3,0) -> SUMINISTRO, TRANSPORTE E INSTALACION ENROCADOS CON LIGANTE DE CONCRETO 3000 PSI PARA PROTECCION DE ENTREGAS O REVESTIMIENTO DE CAUCES - DOSIFICACION: CONCRETO 40%, PIEDRA 60% | G58: M3 | H58: 1 | I58: =+VLOOKUP($C58,'A.P.U'!$B$5:$K$23785,10,0) -> 853370 | J58: =ROUND((I58*H58),0) -> 853370
B59: 3.2.6 | C59: 001.061 | F59: =+VLOOKUP($C59,'A.P.U'!$B$5:$K$23774,3,0) -> SUMINISTRO, TRANSPORTE E INSTALACION CORDÓN PARA CONTROL DE AGUAS LLUVIAS CON SUELO CEMENTO | G59: =+VLOOKUP($C59,'A.P.U'!$B$5:$K$23785,5,0) -> ML | H59: 1 | I59: =+VLOOKUP($C59,'A.P.U'!$B$5:$K$23785,10,0) -> 9102 | J59: =ROUND((I59*H59),0) -> 9102
B60: 3.3 | F60: ANCLAJES
B61: 3.3.1 | C61: 027.014 | F61: =+VLOOKUP($C61,'A.P.U'!$B$5:$K$23774,3,0) -> SUMINISTRO, TRANSPORTE E INSTALACION ANCLAJE ACTIVO CABLE 1/2" x 4 ALTA RESISTENCIA - PERFORACION DE 5" | G61: =+VLOOKUP($C61,'A.P.U'!$B$5:$K$23785,5,0) -> ML | H61: 1 | I61: =+VLOOKUP($C61,'A.P.U'!$B$5:$K$23785,10,0) -> 648402 | J61: =ROUND((I61*H61),0) -> 648402
B62: 3.3.2 | C62: 027.015 | F62: =+VLOOKUP($C62,'A.P.U'!$B$5:$K$23774,3,0) -> SUMINISTRO, TRANSPORTE E INSTALACION DADOS EN CONCRETO REFORZADO 4000 PSI PARA PANTALLA ACTIVA | G62: =+VLOOKUP($C62,'A.P.U'!$B$5:$K$23785,5,0) -> M3 | H62: 1 | I62: =+VLOOKUP($C62,'A.P.U'!$B$5:$K$23785,10,0) -> 1609738 | J62: =ROUND((I62*H62),0) -> 1609738
B63: 3.3.3 | C63: 027.042 | F63: =+VLOOKUP($C63,'A.P.U'!$B$5:$K$23774,3,0) -> SUMINISTRO, TRANSPORTE E INSTALACIÓN DE ANCLAJES PASIVOS CON LECHADA A/C 0.45 INYECTADA CON BOMBA CON PERFORACION MANUAL(Incluye aditivo expansor y plastificante) - No Incluye acero | G63: =+VLOOKUP($C63,'A.P.U'!$B$5:$K$23785,5,0) -> ML | H63: 1 | I63: =+VLOOKUP($C63,'A.P.U'!$B$5:$K$23785,10,0) -> 83155 | J63: =ROUND((I63*H63),0) -> 83155
B64: 3.3.4 | C64: 027.043 | F64: =+VLOOKUP($C64,'A.P.U'!$B$5:$K$23774,3,0) -> SUMINISTRO, TRANSPORTE E INSTALACIÓN DE ANCLAJES PASIVOS CON LECHADA A/C 0.45 INYECTADA CON BOMBA CON PERFORACION MECÁNICA(Incluye aditivos expansor y plastificante) - No Incluye acero | G64: =+VLOOKUP($C64,'A.P.U'!$B$5:$K$23785,5,0) -> ML | H64: 1 | I64: =+VLOOKUP($C64,'A.P.U'!$B$5:$K$23785,10,0) -> 284340 | J64: =ROUND((I64*H64),0) -> 284340
B65: 3.3.5 | C65: 006.032 | F65: =+VLOOKUP($C65,'A.P.U'!$B$5:$K$23774,3,0) -> SUMINISTRO, TRANSPORTE E INSTALACION ANCLAJE EPOXICO 3/8" L=20 cm (Incluye perforación y adhesivo epóxico) | G65: =+VLOOKUP($C65,'A.P.U'!$B$5:$K$23785,5,0) -> UND | H65: 1 | I65: =+VLOOKUP($C65,'A.P.U'!$B$5:$K$23785,10,0) -> 28304 | J65: =ROUND((I65*H65),0) -> 28304
B66: 3.4. | F66: CUNETAS, CANALES Y ZANJAS COLECTORAS
B67: 3.4.1. | C67: 033.139 | F67: =+VLOOKUP($C67,'A.P.U'!$B$5:$K$23774,3,0) -> SUMINISTRO, TRANSPORTE E INSTALACION ZANJA COLECTORA EN CONCRETO DE 3000 PSI PRODUCIDO EN OBRA | G67: =+VLOOKUP($C67,'A.P.U'!$B$5:$K$23785,5,0) -> M3 | H67: 1 | I67: =+VLOOKUP($C67,'A.P.U'!$B$5:$K$23785,10,0) -> 1514654 | J67: =ROUND((I67*H67),0) -> 1514654
B68: 3.4.2. | C68: 027.044 | F68: =+VLOOKUP($C68,'A.P.U'!$B$5:$K$23774,3,0) -> SUMINISTRO, TRANSPORTE E INSTALACION CANALES ESCALONADOS EN CONCRETO DE 3000 PSI PRODUCIDO EN OBRA (Incluye malla electrosoldada 15x15x5.0mm) | G68: =+VLOOKUP($C68,'A.P.U'!$B$5:$K$23785,5,0) -> M3 | H68: 1 | I68: =+VLOOKUP($C68,'A.P.U'!$B$5:$K$23785,10,0) -> 1604098 | J68: =ROUND((I68*H68),0) -> 1604098
B69: 3.4.3. | C69: 027.009 | F69: =+VLOOKUP($C69,'A.P.U'!$B$5:$K$23774,3,0) -> SUMINISTRO, TRANSPORTE E INSTALACION CANALES CON PANTALLAS DEFLECTORAS Y RAPIDAS CON TAPA EN CONCRETO DE 3000 PSI PRODUCIDO EN OBRA | G69: =+VLOOKUP($C69,'A.P.U'!$B$5:$K$23785,5,0) -> M3 | H69: 1 | I69: =+VLOOKUP($C69,'A.P.U'!$B$5:$K$23785,10,0) -> 1726652 | J69: =ROUND((I69*H69),0) -> 1726652
B70: 3.4.4. | C70: 027.045 | F70: =+VLOOKUP($C70,'A.P.U'!$B$5:$K$23774,3,0) -> ACEQUIA EN CONCRETO CLASE III Y MALLA DE GALLINERO | G70: =+VLOOKUP($C70,'A.P.U'!$B$5:$K$23785,5,0) -> M3 | H70: 1 | I70: =+VLOOKUP($C70,'A.P.U'!$B$5:$K$23785,10,0) -> 1346611 | J70: =ROUND((I70*H70),0) -> 1346611
B71: 3.5 | F71: CIMENTACIONES
B72: 3.5.1. | C72: 002A.019 | F72: =+VLOOKUP($C72,'A.P.U'!$B$5:$K$23774,3,0) -> SUMINISTRO, TRANSPORTE E INSTALACION PILOTES EN CONCRETO 3000 PSI | G72: =+VLOOKUP($C72,'A.P.U'!$B$5:$K$23785,5,0) -> M3 | H72: 1 | I72: =+VLOOKUP($C72,'A.P.U'!$B$5:$K$23785,10,0) -> 1257129 | J72: =ROUND((I72*H72),0) -> 1257129
B73: 3.5.2. | C73: 002A.005 | F73: =+VLOOKUP($C73,'A.P.U'!$B$5:$K$23774,3,0) -> SUMINISTRO, TRANSPORTE E INSTALACION VIGA CIMENTACION CONCRETO 3000 PSI | G73: =+VLOOKUP($C73,'A.P.U'!$B$5:$K$23785,5,0) -> M3 | H73: 1 | I73: =+VLOOKUP($C73,'A.P.U'!$B$5:$K$23785,10,0) -> 1341483 | J73: =ROUND((I73*H73),0) -> 1341483
B74: 3.6. | F74: ANDENES, ESCALAS Y SARDINELES
B75: 3.6.1. | C75: 032.015 | F75: =+VLOOKUP($C75,'A.P.U'!$B$5:$K$23774,3,0) -> CORTE MECANIZADO DE ANDEN EN CONCRETO CON DISCO (3,5CM) | G75: =+VLOOKUP($C75,'A.P.U'!$B$5:$K$23785,5,0) -> ML | H75: 1 | I75: =+VLOOKUP($C75,'A.P.U'!$B$5:$K$23785,10,0) -> 13038 | J75: =ROUND((I75*H75),0) -> 13038
B76: 3.6.2. | C76: 032.016 | F76: =+VLOOKUP($C76,'A.P.U'!$B$5:$K$23774,3,0) -> SUMINISTRO, TRANSPORTE E INSTALACION ANDEN CONCRETO 3000 PSI E= 0.10M. ACABADO: ESCOBIADO | G76: =+VLOOKUP($C76,'A.P.U'!$B$5:$K$23785,5,0) -> M2 | H76: 1 | I76: =+VLOOKUP($C76,'A.P.U'!$B$5:$K$23785,10,0) -> 168567 | J76: =ROUND((I76*H76),0) -> 168567
B77: 3.6.3. | C77: 021.034 | F77: =+VLOOKUP($C77,'A.P.U'!$B$5:$K$23774,3,0) -> SUMINISTRO, TRANSPORTE E INSTALACION ESCALAS CONCRETO 3000 PSI E= 0.10M. SOBRE TIERRA ACABADO ESCOBIADO | G77: =+VLOOKUP($C77,'A.P.U'!$B$5:$K$23785,5,0) -> M2 | H77: 1 | I77: =+VLOOKUP($C77,'A.P.U'!$B$5:$K$23785,10,0) -> 243230 | J77: =ROUND((I77*H77),0) -> 243230
B78: 3.6.4. | C78: 021.016 | F78: =+VLOOKUP($C78,'A.P.U'!$B$5:$K$23774,3,0) -> SUMINISTRO, TRANSPORTE E INSTALACION SARDINEL CHAFLANADO ANCHO = 20 CM H = ENTRE 17 Y 24 CM EN CONCRETO 3000 PSI | G78: =+VLOOKUP($C78,'A.P.U'!$B$5:$K$23785,5,0) -> ML | H78: 1 | I78: =+VLOOKUP($C78,'A.P.U'!$B$5:$K$23785,10,0) -> 123007 | J78: =ROUND((I78*H78),0) -> 123007
B79: 3.7, | F79: PAVIMENTOS
B80: 3.7.1. | C80: 4001 | F80: =+VLOOKUP($C80,'A.P.U'!$B$5:$K$23774,3,0) -> SUMINISTRO, TRANSPORTE E INSTALACION BASE GRANULAR COMPACTADA CON RANA | G80: =+VLOOKUP($C80,'A.P.U'!$B$5:$K$23785,5,0) -> M3 | H80: 1 | I80: =+VLOOKUP($C80,'A.P.U'!$B$5:$K$23785,10,0) -> 293483 | J80: =ROUND((I80*H80),0) -> 293483
B81: 3.7.2. | C81: 23034 | F81: =+VLOOKUP($C81,'A.P.U'!$B$5:$K$23774,3,0) -> CORTE MECANIZADO DE PAVIMENTO A=5 MM PROFUNDIDAD UN TERCIO DEL ESPESOR | G81: =+VLOOKUP($C81,'A.P.U'!$B$5:$K$23785,5,0) -> ML | H81: 1 | I81: =+VLOOKUP($C81,'A.P.U'!$B$5:$K$23785,10,0) -> 14545 | J81: =ROUND((I81*H81),0) -> 14545
B82: 3.7.3. | C82: 23045 | F82: =+VLOOKUP($C82,'A.P.U'!$B$5:$K$23774,3,0) -> CANASTILLA DE SOPORTE DE DOVELAS EN HIERRO 3/8" Y 1/4" | G82: =+VLOOKUP($C82,'A.P.U'!$B$5:$K$23785,5,0) -> ML | H82: 1 | I82: =+VLOOKUP($C82,'A.P.U'!$B$5:$K$23785,10,0) -> 25861 | J82: =ROUND((I82*H82),0) -> 25861
B83: 3.7.4. | C83: 23046 | F83: =+VLOOKUP($C83,'A.P.U'!$B$5:$K$23774,3,0) -> DOVELAS DE ACERO LISO 60000 PSI PARA PAVIMENTOS | G83: =+VLOOKUP($C83,'A.P.U'!$B$5:$K$23785,5,0) -> KG | H83: 1 | I83: =+VLOOKUP($C83,'A.P.U'!$B$5:$K$23785,10,0) -> 22813 | J83: =ROUND((I83*H83),0) -> 22813
B84: 3.7.5. | C84: 33120 | F84: =+VLOOKUP($C84,'A.P.U'!$B$5:$K$23774,3,0) -> SUMINISTRO, TRANSPORTE E INSTALACION PAVIMENTO EN CONCRETO PRODUCIDO EN OBRA MR 42 CON ACELERANTE A 7 DIAS | G84: =+VLOOKUP($C84,'A.P.U'!$B$5:$K$23785,5,0) -> M3 | H84: 1 | I84: =+VLOOKUP($C84,'A.P.U'!$B$5:$K$23785,10,0) -> 1812962 | J84: =ROUND((I84*H84),0) -> 1812962
B85: 3.8. | F85: VARIOS
B86: 3.8.1. | C86: 005.079 | F86: =+VLOOKUP($C86,'A.P.U'!$B$5:$K$23774,3,0) -> SUMINISTRO, TRANSPORTE E INSTALACION CINTA SIKA PVC V - 10 PARA JUNTAS | G86: =+VLOOKUP($C86,'A.P.U'!$B$5:$K$23785,5,0) -> ML | H86: 1 | I86: =+VLOOKUP($C86,'A.P.U'!$B$5:$K$23785,10,0) -> 48512 | J86: =ROUND((I86*H86),0) -> 48512
B87: 3.8.2. | C87: 005.001 | F87: =+VLOOKUP($C87,'A.P.U'!$B$5:$K$23774,3,0) -> SUMINISTRO, TRANSPORTE E INSTALACION MALLA ELECTROSOLDADA (Incluye alambre negro, colocación y traslapo). | G87: =+VLOOKUP($C87,'A.P.U'!$B$5:$K$23785,5,0) -> KG | H87: 1 | I87: =+VLOOKUP($C87,'A.P.U'!$B$5:$K$23785,10,0) -> 12145 | J87: =ROUND((I87*H87),0) -> 12145
B88: 3.8.3. | C88: 005.112 | F88: =+VLOOKUP($C88,'A.P.U'!$B$5:$K$23774,3,0) -> SUMINISTRO, TRANSPORTE E INSTALACIÓN DE ACERO DE REFUERZO FY = 60.000 PSI = 420 MPA (INCLUYE NALAMBRE NEGRO Y FIGURACIÓN) | G88: =+VLOOKUP($C88,'A.P.U'!$B$5:$K$23785,5,0) -> KG | H88: 1 | I88: =+VLOOKUP($C88,'A.P.U'!$B$5:$K$23785,10,0) -> 10992 | J88: =ROUND((I88*H88),0) -> 10992
B89: 3.8.4. | C89: ='A.P.U'!B448 -> 024.160 | F89: =+VLOOKUP($C89,'A.P.U'!$B$5:$K$23774,3,0) -> SUMINISTRO, TRANSPORTE E INSTALACION CAJA DE INSPECCIÓN EMPALME DOMICILIARIO TIPO I (0,60X0,60 M) EN CONCRETO CLASE II INCLUYE TAPA Y CAÑUELA | G89: =+VLOOKUP($C89,'A.P.U'!$B$5:$K$23785,5,0) -> ML | H89: 1 | I89: =+VLOOKUP($C89,'A.P.U'!$B$5:$K$23785,10,0) -> 775577 | J89: =ROUND((I89*H89),0) -> 775577
B90: Subtotal | J90: =SUM(J49:J89) -> 25686597
B91: CAPÍTULO IV GAVIONES
B92: 4.1. | C92: 027.003 | F92: =+VLOOKUP($C92,'A.P.U'!$B$5:$K$23774,3,0) -> SUMINISTRO, TRANSPORTE E INSTALACION GAVIONES EN MALLA GALVANIZADA TRIPLE TORSION 2.0x1.0x1.0M CAL. 12 | G92: =+VLOOKUP($C92,'A.P.U'!$B$5:$K$23774,5,0) -> M3 | H92: 1 | I92: =+VLOOKUP($C92,'A.P.U'!$B$5:$K$23785,10,0) -> 502288 | J92: =ROUND((I92*H92),0) -> 502288
B93: Subtotal | J93: =SUM(J92) -> 502288
B94: CAPÍTULO V DRENAJE SUBTERRÁNEO
B95: 5.1 | C95: 033.156 | F95: =+VLOOKUP($C95,'A.P.U'!$B$5:$K$23774,3,0) -> SUMINISTRO, TRANSPORTE E INSTALACIÓN DE MATERIAL GRANULAR PARA SUBDRENES Y DRENAJES | G95: =+VLOOKUP($C95,'A.P.U'!$B$5:$K$23774,5,0) -> M3 | H95: 1 | I95: =+VLOOKUP($C95,'A.P.U'!$B$5:$K$23785,10,0) -> 164090 | J95: =ROUND((I95*H95),0) -> 164090
B96: 5.2 | C96: 033.157 | F96: =+VLOOKUP($C96,'A.P.U'!$B$5:$K$23774,3,0) -> SUMINISTRO, TRANSPORTE E INSTALACIÓN DE TUBERÍA PVC TIPO PAVCO DE 100 MM PARA SUBDRENES Y DRENAJES | G96: =+VLOOKUP($C96,'A.P.U'!$B$5:$K$23774,5,0) -> ML | H96: 1 | I96: =+VLOOKUP($C96,'A.P.U'!$B$5:$K$23785,10,0) -> 42421 | J96: =ROUND((I96*H96),0) -> 42421
B97: 5.3 | C97: 022.008 | F97: LIMPIEZA DE DRENES Y FILTROS | G97: ML | H97: 1 | I97: =+VLOOKUP($C97,'A.P.U'!$B$5:$K$23785,10,0) -> 13104 | J97: =ROUND((I97*H97),0) -> 13104
B98: 4.4 | C98: 024.152 | F98: =+VLOOKUP($C98,'A.P.U'!$B$5:$K$23785,3,0) -> SUMINISTRO, TRANSPORTE E INSTALACION DE TUBERIA PVC SANITARIA DE 2" | G98: =+VLOOKUP($C98,'A.P.U'!$B$5:$K$23785,5,0) -> ML | H98: 1 | I98: =+VLOOKUP($C98,'A.P.U'!$B$5:$K$23785,10,0) -> 29967 | J98: =ROUND((I98*H98),0) -> 29967
B99: 5.5 | C99: 024.004 | F99: =+VLOOKUP($C99,'A.P.U'!$B$5:$K$23785,3,0) -> SUMINISTRO, TRANSPORTE E INSTALACION TUBERÍA PVC CORRUGADA DE 200 M.M. (8") PARA ALCANTARILLADO | G99: =+VLOOKUP($C99,'A.P.U'!$B$5:$K$23785,5,0) -> ML | H99: 1 | I99: =+VLOOKUP($C99,'A.P.U'!$B$5:$K$23785,10,0) -> 112110 | J99: =ROUND((I99*H99),0) -> 112110
B100: 5.6 | C100: 024.006 | F100: =+VLOOKUP($C100,'A.P.U'!$B$5:$K$23785,3,0) -> SUMINISTRO, TRANSPORTE E INSTALACION TUBERÍA PVC CORRUGADA DE 250 M.M. (10") PARA ALCANTARILLADO | G100: =+VLOOKUP($C100,'A.P.U'!$B$5:$K$23785,5,0) -> ML | H100: 1 | I100: =+VLOOKUP($C100,'A.P.U'!$B$5:$K$23785,10,0) -> 160409 | J100: =ROUND((I100*H100),0) -> 160409
B101: 5.7 | F101: DRENES SUBHORIZONTALES
B102: 5.7.1 | C102: 027.019 | F102: =+VLOOKUP($C102,'A.P.U'!$B$5:$K$23774,3,0) -> SUMINISTRO, TRANSPORTE E INSTALACION DE DRENES HORIZONTALES EN TIERRA CON TUBERIA Ø 3" SANITARIA PERFORADA HASTA L=10m (Incluye perforación manual) | G102: =+VLOOKUP($C102,'A.P.U'!$B$5:$K$23774,5,0) -> ML | H102: 1 | I102: =+VLOOKUP($C102,'A.P.U'!$B$5:$K$23785,10,0) -> 79228 | J102: =ROUND((I102*H102),0) -> 79228
B103: 5.7.2 | C103: 027.020 | F103: =+VLOOKUP($C103,'A.P.U'!$B$5:$K$23774,3,0) -> SUMINISTRO, TRANSPORTE E INSTALACION DE DRENES HORIZONTALES EN TIERRA CON TUBERÍA Ø 3" SANITARIA PERFORADA CON EQUIPO MECÁNICO | G103: =+VLOOKUP($C103,'A.P.U'!$B$5:$K$23774,5,0) -> ML | H103: 1 | I103: =+VLOOKUP($C103,'A.P.U'!$B$5:$K$23785,10,0) -> 219928 | J103: =ROUND((I103*H103),0) -> 219928
B104: 5.7.3 | C104: 027.021 | F104: =+VLOOKUP($C104,'A.P.U'!$B$5:$K$23774,3,0) -> SUMINISTRO, TRANSPORTE E INSTALACION DE DRENES HORIZONTALES EN CONGLOMERADO CON TUBERÍA Ø 3" SANITARIA PERFORADA CON EQUIPO MECÁNICO | G104: =+VLOOKUP($C104,'A.P.U'!$B$5:$K$23774,5,0) -> ML | H104: 1 | I104: =+VLOOKUP($C104,'A.P.U'!$B$5:$K$23785,10,0) -> 241712 | J104: =ROUND((I104*H104),0) -> 241712
B105: 5.7.4 | C105: 027.023 | F105: =+VLOOKUP($C105,'A.P.U'!$B$5:$K$23774,3,0) -> SUMINISTRO, TRANSPORTE E INSTALACION DE DRENES HORIZONTALES EN ROCA CON TUBERÍA Ø 3" SANITARIA PERFORADA CON EQUIPO MECÁNICO | G105: =+VLOOKUP($C105,'A.P.U'!$B$5:$K$23774,5,0) -> ML | H105: 1 | I105: =+VLOOKUP($C105,'A.P.U'!$B$5:$K$23785,10,0) -> 354588 | J105: =ROUND((I105*H105),0) -> 354588
B106: 5.8 | F106: GEOTEXTILES
B107: 5.8.1 | C107: 004.007 | F107: =+VLOOKUP($C107,'A.P.U'!$B$5:$K$23774,3,0) -> SUMINISTRO, TRANSPORTE E INSTALACION GEOTEXTIL NO TEJIDO 1600 | G107: =+VLOOKUP($C107,'A.P.U'!$B$5:$K$23774,5,0) -> M2 | H107: 1 | I107: =+VLOOKUP($C107,'A.P.U'!$B$5:$K$23785,10,0) -> 8933 | J107: =ROUND((I107*H107),0) -> 8933
...

Sheet A.P.U
B1: CODIGO | C1: COD INSUMO | D1: INSUMO | E1: TIPO | F1: UNIDAD | G1: REND | H1: VALOR UNITARIO | I1: VALOR TOTAL | J1: AIU | K1: VALOR TOTAL INCLUÍDO AIU
B2: ANÁLISIS DE PRECIOS UNITARIOS
B4: CODIGO | C4: COD INSUMO | D4: INSUMO | E4: TIPO | F4: UNIDAD | G4: REND | H4: VALOR UNITARIO | I4: VALOR TOTAL | J4: AIU | K4: VALOR TOTAL INCLUÍDO AIU
A5: 1 | B5: 001.043 | C5: - | D5: ROCERIA Y LIMPIEZA | E5: Actividad | F5: M2 | I5: =SUM(I6:I8) -> 1811 | J5: ='A.I.U'!$G$30 -> 1.3668 | K5: =ROUND(I5*J5,0) -> 2475 | L5: OK
B6: 001.043 | C6: C44 | D6: CUADRILLA AA (2 AYUDANTES) | E6: Cuadrilla | F6: HR | G6: 0.05 | H6: =VLOOKUP(C6,[1]Insumos!$A:$F,5,FALSE) -> 29124 | I6: =ROUND(H6*G6,0) -> 1456
B7: 001.043 | C7: H2 | D7: EQUIPO BASICO (HERRAMIENTA MENOR) | E7: Herramienta | F7: UND | G7: 0.07 | H7: =VLOOKUP(C7,[1]Insumos!$A:$F,5,FALSE) -> 3623 | I7: =ROUND(H7*G7,0) -> 254
B8: 001.043 | C8: I1565 | D8: ACARREO INTERNO | E8: Insumos | F8: UND | G8: 0.053 | H8: =VLOOKUP(C8,[1]Insumos!$A:$F,5,FALSE) -> 1897 | I8: =ROUND(H8*G8,0) -> 101
B10: CODIGO | C10: COD INSUMO | D10: INSUMO | E10: TIPO | F10: UNIDAD | G10: REND | H10: VALOR UNITARIO | I10: VALOR TOTAL | J10: AIU | K10: VALOR TOTAL INCLUÍDO AIU
A11: 2 | B11: 001.049 | C11: - | D11: SUMINISTRO, TRANSPORTE E INSTALACIÓN CERRAMIENTO EN YUTE H= 2 M | E11: Actividad | F11: ML | I11: =SUM(I12:I16) -> 15699 | J11: ='A.I.U'!$G$30 -> 1.3668 | K11: =ROUND(I11*J11,0) -> 21457 | L11: OK
B12: 001.049 | C12: C1 | D12: CUADRILLA AA TIPO 1 (1 OFICIAL + 1 AYUDANTE) (Albañileria) | E12: Cuadrilla | F12: HR | G12: 0.16 | H12: =VLOOKUP(C12,[1]Insumos!$A:$F,5,FALSE) -> 37863 | I12: =ROUND(H12*G12,0) -> 6058
B13: 001.049 | C13: H2 | D13: EQUIPO BASICO (HERRAMIENTA MENOR) | E13: Herramienta | F13: UND | G13: 0.16 | H13: =VLOOKUP(C13,[1]Insumos!$A:$F,5,FALSE) -> 3623 | I13: =ROUND(H13*G13,0) -> 580
B14: 001.049 | C14: I425 | D14: PUNTILLA CON CABEZA 2" | E14: Insumos | F14: LB | G14: 0.2 | H14: =VLOOKUP(C14,[1]Insumos!$A:$F,5,FALSE) -> 5304 | I14: =ROUND(H14*G14,0) -> 1061
B15: 001.049 | C15: I447 | D15: FIBRA PARA CERRAMIENTO PROVISIONAL H=2,1M | E15: Insumos | F15: M | G15: 1 | H15: =VLOOKUP(C15,[1]Insumos!$A:$F,5,FALSE) -> 4505 | I15: =ROUND(H15*G15,0) -> 4505
B16: 001.049 | C16: I986 | D16: GUADUA CEPA DE 5 VARAS x 4m | E16: Insumos | F16: UND | G16: 0.35 | H16: =VLOOKUP(C16,[1]Insumos!$A:$F,5,FALSE) -> 9987 | I16: =ROUND(H16*G16,0) -> 3495
B18: CODIGO | C18: COD INSUMO | D18: INSUMO | E18: TIPO | F18: UNIDAD | G18: REND | H18: VALOR UNITARIO | I18: VALOR TOTAL | J18: AIU | K18: VALOR TOTAL INCLUÍDO AIU | L18: OK
A19: 3 | B19: 001.059 | C19: - | D19: SUMINISTRO, TRANSPORTE E INSTALACION TECHADO PROVISIONAL EN GUADUA Y PLÁSTICO | E19: Actividad | F19: M2 | I19: =SUM(I20:I25) -> 21120 | J19: ='A.I.U'!$G$30 -> 1.3668 | K19: =ROUND(I19*J19,0) -> 28867
B20: 001.059 | C20: C15 | D20: CUADRILLA AA TIPO 3 (1 OFICIAL + 3 AYUDANTE) (Albañileria) | E20: Cuadrilla | F20: HR | G20: 0.15 | H20: =VLOOKUP(C20,[1]Insumos!$A:$F,5,FALSE) -> 66987 | I20: =ROUND(H20*G20,0) -> 10048
B21: 001.059 | C21: E12 | D21: EQUIPO DE TRANSPORTE | E21: Equipos | F21: DIA | G21: 0.00104 | H21: =VLOOKUP(C21,[1]Insumos!$A:$F,5,FALSE) -> 187426 | I21: =ROUND(H21*G21,0) -> 195
B22: 001.059 | C22: H2 | D22: EQUIPO BASICO (HERRAMIENTA MENOR) | E22: Herramienta | F22: UND | G22: 0.2 | H22: =VLOOKUP(C22,[1]Insumos!$A:$F,5,FALSE) -> 3623 | I22: =ROUND(H22*G22,0) -> 725
B23: 001.059 | C23: I1565 | D23: ACARREO INTERNO | E23: Insumos | F23: UND | G23: 0.213 | H23: =VLOOKUP(C23,[1]Insumos!$A:$F,5,FALSE) -> 1897 | I23: =ROUND(H23*G23,0) -> 404
B24: 001.059 | C24: I455 | D24: ESTRUCTURA EN GUADUA | E24: Insumos | F24: M2 | G24: 1.4 | H24: =VLOOKUP(C24,[1]Insumos!$A:$F,5,FALSE) -> 3277 | I24: =ROUND(H24*G24,0) -> 4588
B25: 001.059 | C25: I456 | D25: PLÁSTICO TRANSPARENTE CALIBRE 6 | E25: Insumos | F25: M2 | G25: 1.4 | H25: =VLOOKUP(C25,[1]Insumos!$A:$F,5,FALSE) -> 3686 | I25: =ROUND(H25*G25,0) -> 5160
B28: CODIGO | C28: COD INSUMO | D28: INSUMO | E28: TIPO | F28: UNIDAD | G28: REND | H28: VALOR UNITARIO | I28: VALOR TOTAL | J28: AIU | K28: VALOR TOTAL INCLUÍDO AIU
A29: 4 | B29: 033.143 | C29: - | D29: SUMINISTRO, TRANSPORTE E INSTALACION TRINCHOS PROVISIONALES EN GUADUA | E29: Actividad | F29: ML | I29: =SUM(I30:I36) -> 28167 | J29: ='A.I.U'!$G$30 -> 1.3668 | K29: =ROUND(I29*J29,0) -> 38499 | L29: OK
B30: 033.143 | C30: C22 | D30: CUADRILLA AA TIPO 4 (1 OFICIAL + 4 AYUDANTE) (Albañileria) | E30: Cuadrilla | F30: HR | G30: 0.08 | H30: =VLOOKUP(C30,[1]Insumos!$A:$F,5,FALSE) -> 81549 | I30: =ROUND(H30*G30,0) -> 6524
B31: 033.143 | C31: E12 | D31: EQUIPO DE TRANSPORTE | E31: Equipos | F31: DIA | G31: 0.00178 | H31: =VLOOKUP(C31,[1]Insumos!$A:$F,5,FALSE) -> 187426 | I31: =ROUND(H31*G31,0) -> 334
B32: 033.143 | C32: H2 | D32: EQUIPO BASICO (HERRAMIENTA MENOR) | E32: Herramienta | F32: UND | G32: 0.08 | H32: =VLOOKUP(C32,[1]Insumos!$A:$F,5,FALSE) -> 3623 | I32: =ROUND(H32*G32,0) -> 290
B33: 033.143 | C33: I1565 | D33: ACARREO INTERNO | E33: Insumos | F33: UND | G33: 1.7 | H33: =VLOOKUP(C33,[1]Insumos!$A:$F,5,FALSE) -> 1897 | I33: =ROUND(H33*G33,0) -> 3225
B34: 033.143 | C34: I243 | D34: ALAMBRE GALVANIZADO CAL 14 | E34: Insumos | F34: KG | G34: 0.5 | H34: =VLOOKUP(C34,[1]Insumos!$A:$F,5,FALSE) -> 9684 | I34: =ROUND(H34*G34,0) -> 4842
B35: 033.143 | C35: I986 | D35: GUADUA CEPA DE 5 VARAS x 4m | E35: Insumos | F35: UND | G35: 0.5 | H35: =VLOOKUP(C35,[1]Insumos!$A:$F,5,FALSE) -> 9987 | I35: =ROUND(H35*G35,0) -> 4994
B36: 033.143 | C36: I989 | D36: GUADUA SOBREBASA L= 1.50 MT. 3 USOS | E36: Insumos | F36: UND | G36: 1.2 | H36: =VLOOKUP(C36,[1]Insumos!$A:$F,5,FALSE) -> 6632 | I36: =ROUND(H36*G36,0) -> 7958
B38: CODIGO | C38: COD INSUMO | D38: INSUMO | E38: TIPO | F38: UNIDAD | G38: REND | H38: VALOR UNITARIO | I38: VALOR TOTAL | J38: AIU | K38: VALOR TOTAL INCLUÍDO AIU
A39: 5 | B39: 030.001 | C39: - | D39: COMISIÓN TOPOGRÁFICA | E39: Actividad | F39: DIA | I39: =SUM(I40:I40) -> 719681 | J39: ='A.I.U'!$G$30 -> 1.3668 | K39: =ROUND(I39*J39,0) -> 983660
B40: 033.143 | C40: I1562 | D40: COMISION TOPOGRAFICA (INCLUYE TOPOGRAFO, CADENERO Y EQUIPO TOPOGRAFÍA (ESTACIÓN Y NIVEL). | E40: Insumos | F40: DIA | G40: 1 | H40: =VLOOKUP(C40,[1]Insumos!$A:$F,5,FALSE) -> 719681 | I40: =ROUND(H40*G40,0) -> 719681
B42: CODIGO | C42: COD INSUMO | D42: INSUMO | E42: TIPO | F42: UNIDAD | G42: REND | H42: VALOR UNITARIO | I42: VALOR TOTAL | J42: AIU | K42: VALOR TOTAL INCLUÍDO AIU
A43: 6 | B43: 002.001 | C43: - | D43: EXCAVACIÓN EN ZANJA - MATERIAL COMÚN - 0.0 A 2.0 M | E43: Actividad | F43: M3 | I43: =SUM(I44:I47) -> 44781 | J43: ='A.I.U'!$G$30 -> 1.3668 | K43: =ROUND(I43*J43,0) -> 61207
B44: 002.001 | C44: C1 | D44: CUADRILLA AA TIPO 1 (1 OFICIAL + 1 AYUDANTE) (Albañileria) | E44: Cuadrilla | F44: HR | G44: 1.1 | H44: =VLOOKUP(C44,[1]Insumos!$A:$F,5,FALSE) -> 37863 | I44: =ROUND(H44*G44,0) -> 41649
B45: 002.001 | C45: I282 | D45: SUELO CEMENTO 10:1 | E45: Insumos | F45: M3 | G45: 0.01 | H45: =VLOOKUP(C45,[1]Insumos!$A:$F,5,FALSE) -> 202837 | I45: =ROUND(H45*G45,0) -> 2028
B46: 002.001 | C46: H2 | D46: EQUIPO BASICO (HERRAMIENTA MENOR) | E46: Herramienta | F46: UND | G46: 0.2 | H46: =VLOOKUP(C46,[1]Insumos!$A:$F,5,FALSE) -> 3623 | I46: =ROUND(H46*G46,0) -> 725
B47: 002.001 | C47: I1565 | D47: ACARREO INTERNO | E47: Insumos | F47: UND | G47: 0.2 | H47: =VLOOKUP(C47,[1]Insumos!$A:$F,5,FALSE) -> 1897 | I47: =ROUND(H47*G47,0) -> 379
B49: CODIGO | C49: COD INSUMO | D49: INSUMO | E49: TIPO | F49: UNIDAD | G49: REND | H49: VALOR UNITARIO | I49: VALOR TOTAL | J49: AIU | K49: VALOR TOTAL INCLUÍDO AIU
A50: 7 | B50: 002.002 | C50: - | D50: EXCAVACIÓN EN ZANJA - MATERIAL COMÚN - 2.01 A 4.00 M | E50: Actividad | F50: M3 | I50: =SUM(I51:I53) -> 50082 | J50: ='A.I.U'!$G$30 -> 1.3668 | K50: =ROUND(I50*J50,0) -> 68452
B51: 002.002 | C51: C1 | D51: CUADRILLA AA TIPO 1 (1 OFICIAL + 1 AYUDANTE) (Albañileria) | E51: Cuadrilla | F51: HR | G51: 1.25 | H51: =VLOOKUP(C51,[1]Insumos!$A:$F,5,FALSE) -> 37863 | I51: =ROUND(H51*G51,0) -> 47329
B52: 002.002 | C52: I282 | D52: SUELO CEMENTO 10:1 | E52: Insumos | F52: M3 | G52: 0.01 | H52: =VLOOKUP(C52,[1]Insumos!$A:$F,5,FALSE) -> 202837 | I52: =ROUND(H52*G52,0) -> 2028
B53: 002.002 | C53: H2 | D53: EQUIPO BASICO (HERRAMIENTA MENOR) | E53: Herramienta | F53: UND | G53: 0.2 | H53: =VLOOKUP(C53,[1]Insumos!$A:$F,5,FALSE) -> 3623 | I53: =ROUND(H53*G53,0) -> 725
B55: CODIGO | C55: COD INSUMO | D55: INSUMO | E55: TIPO | F55: UNIDAD | G55: REND | H55: VALOR UNITARIO | I55: VALOR TOTAL | J55: AIU | K55: VALOR TOTAL INCLUÍDO AIU
A56: 8 | B56: 002.004 | C56: - | D56: EXCAVACIÓN EN ZANJA - CONGLOMERADO - 0.0 A 2.0 M | E56: Actividad | F56: M3 | I56: =SUM(I57:I60) -> 62544 | J56: ='A.I.U'!$G$30 -> 1.3668 | K56: =ROUND(I56*J56,0) -> 85485
B57: 002.004 | C57: C1 | D57: CUADRILLA AA TIPO 1 (1 OFICIAL + 1 AYUDANTE) (Albañileria) | E57: Cuadrilla | F57: HR | G57: 1.5499968 | H57: =VLOOKUP(C57,[1]Insumos!$A:$F,5,FALSE) -> 37863 | I57: =ROUND(H57*G57,0) -> 58688
B58: 002.004 | C58: I282 | D58: SUELO CEMENTO 10:1 | E58: Insumos | F58: M3 | G58: 0.01 | H58: =VLOOKUP(C58,[1]Insumos!$A:$F,5,FALSE) -> 202837 | I58: =ROUND(H58*G58,0) -> 2028
B59: 002.004 | C59: H2 | D59: EQUIPO BASICO (HERRAMIENTA MENOR) | E59: Herramienta | F59: UND | G59: 0.4 | H59: =VLOOKUP(C59,[1]Insumos!$A:$F,5,FALSE) -> 3623 | I59: =ROUND(H59*G59,0) -> 1449
B60: 002.004 | C60: I1565 | D60: ACARREO INTERNO | E60: Insumos | F60: UND | G60: 0.2 | H60: =VLOOKUP(C60,[1]Insumos!$A:$F,5,FALSE) -> 1897 | I60: =ROUND(H60*G60,0) -> 379
B62: CODIGO | C62: COD INSUMO | D62: INSUMO | E62: TIPO | F62: UNIDAD | G62: REND | H62: VALOR UNITARIO | I62: VALOR TOTAL | J62: AIU | K62: VALOR TOTAL INCLUÍDO AIU
A63: 9 | B63: 002.005 | C63: - | D63: EXCAVACIÓN EN ZANJA - CONGLOMERADO - 2.01 A 4.00 M | E63: Actividad | F63: M3 | I63: =SUM(I64:I67) -> 82957 | J63: ='A.I.U'!$G$30 -> 1.3668 | K63: =ROUND(I63*J63,0) -> 113386
B64: 002.005 | C64: C1 | D64: CUADRILLA AA TIPO 1 (1 OFICIAL + 1 AYUDANTE) (Albañileria) | E64: Cuadrilla | F64: HR | G64: 2.07 | H64: =VLOOKUP(C64,[1]Insumos!$A:$F,5,FALSE) -> 37863 | I64: =ROUND(H64*G64,0) -> 78376
B65: 002.005 | C65: I282 | D65: SUELO CEMENTO 10:1 | E65: Insumos | F65: M3 | G65: 0.01 | H65: =VLOOKUP(C65,[1]Insumos!$A:$F,5,FALSE) -> 202837 | I65: =ROUND(H65*G65,0) -> 2028
B66: 002.005 | C66: H2 | D66: EQUIPO BASICO (HERRAMIENTA MENOR) | E66: Herramienta | F66: UND | G66: 0.6 | H66: =VLOOKUP(C66,[1]Insumos!$A:$F,5,FALSE) -> 3623 | I66: =ROUND(H66*G66,0) -> 2174
B67: 002.005 | C67: I1565 | D67: ACARREO INTERNO | E67: Insumos | F67: UND | G67: 0.2 | H67: =VLOOKUP(C67,[1]Insumos!$A:$F,5,FALSE) -> 1897 | I67: =ROUND(H67*G67,0) -> 379
B69: CODIGO | C69: COD INSUMO | D69: INSUMO | E69: TIPO | F69: UNIDAD | G69: REND | H69: VALOR UNITARIO | I69: VALOR TOTAL | J69: AIU | K69: VALOR TOTAL INCLUÍDO AIU
A70: 10 | B70: 002.010 | C70: - | D70: EXCAVACIÓN PARA ESTRUCTURAS - MATERIAL COMÚN - 0.0 A 2.0 M | E70: Actividad | F70: M3 | I70: =SUM(I71:I74) -> 62544 | J70: ='A.I.U'!$G$30 -> 1.3668 | K70: =ROUND(I70*J70,0) -> 85485
B71: 002.010 | C71: C1 | D71: CUADRILLA AA TIPO 1 (1 OFICIAL + 1 AYUDANTE) (Albañileria) | E71: Cuadrilla | F71: HR | G71: 1.55 | H71: =VLOOKUP(C71,[1]Insumos!$A:$F,5,FALSE) -> 37863 | I71: =ROUND(H71*G71,0) -> 58688
B72: 002.010 | C72: I282 | D72: SUELO CEMENTO 10:1 | E72: Insumos | F72: M3 | G72: 0.01 | H72: =VLOOKUP(C72,[1]Insumos!$A:$F,5,FALSE) -> 202837 | I72: =ROUND(H72*G72,0) -> 2028
B73: 002.010 | C73: H2 | D73: EQUIPO BASICO (HERRAMIENTA MENOR) | E73: Herramienta | F73: UND | G73: 0.4 | H73: =VLOOKUP(C73,[1]Insumos!$A:$F,5,FALSE) -> 3623 | I73: =ROUND(H73*G73,0) -> 1449
B74: 002.010 | C74: I1565 | D74: ACARREO INTERNO | E74: Insumos | F74: UND | G74: 0.2 | H74: =VLOOKUP(C74,[1]Insumos!$A:$F,5,FALSE) -> 1897 | I74: =ROUND(H74*G74,0) -> 379
B76: CODIGO | C76: COD INSUMO | D76: INSUMO | E76: TIPO | F76: UNIDAD | G76: REND | H76: VALOR UNITARIO | I76: VALOR TOTAL | J76: AIU | K76: VALOR TOTAL INCLUÍDO AIU
A77: 11 | B77: 002.012 | C77: - | D77: EXCAVACIÓN PARA ESTRUCTURAS - CONGLOMERADO - 0.0 A 2.0 M | E77: Actividad | F77: M3 | I77: =SUM(I78:I81) -> 79582 | J77: ='A.I.U'!$G$30 -> 1.3668 | K77: =ROUND(I77*J77,0) -> 108773
B78: 002.012 | C78: C1 | D78: CUADRILLA AA TIPO 1 (1 OFICIAL + 1 AYUDANTE) (Albañileria) | E78: Cuadrilla | F78: HR | G78: 2 | H78: =VLOOKUP(C78,[1]Insumos!$A:$F,5,FALSE) -> 37863 | I78: =ROUND(H78*G78,0) -> 75726
B79: 002.012 | C79: I282 | D79: SUELO CEMENTO 10:1 | E79: Insumos | F79: M3 | G79: 0.01 | H79: =VLOOKUP(C79,[1]Insumos!$A:$F,5,FALSE) -> 202837 | I79: =ROUND(H79*G79,0) -> 2028
B80: 002.012 | C80: H2 | D80: EQUIPO BASICO (HERRAMIENTA MENOR) | E80: Herramienta | F80: UND | G80: 0.4 | H80: =VLOOKUP(C80,[1]Insumos!$A:$F,5,FALSE) -> 3623 | I80: =ROUND(H80*G80,0) -> 1449
B81: 002.012 | C81: I1565 | D81: ACARREO INTERNO | E81: Insumos | F81: UND | G81: 0.2 | H81: =VLOOKUP(C81,[1]Insumos!$A:$F,5,FALSE) -> 1897 | I81: =ROUND(H81*G81,0) -> 379
B83: CODIGO | C83: COD INSUMO | D83: INSUMO | E83: TIPO | F83: UNIDAD | G83: REND | H83: VALOR UNITARIO | I83: VALOR TOTAL | J83: AIU | K83: VALOR TOTAL INCLUÍDO AIU
A84: 12 | B84: 002.016 | C84: - | D84: EXCAVACIÓN A CIELO ABIERTO - MATERIAL COMÚN - 0.0 A 2.0 M | E84: Actividad | F84: M3 | I84: =SUM(I85:I88) -> 48534 | J84: ='A.I.U'!$G$30 -> 1.3668 | K84: =ROUND(I84*J84,0) -> 66336
B85: 002.016 | C85: C1 | D85: CUADRILLA AA TIPO 1 (1 OFICIAL + 1 AYUDANTE) (Albañileria) | E85: Cuadrilla | F85: HR | G85: 1.18 | H85: =VLOOKUP(C85,[1]Insumos!$A:$F,5,FALSE) -> 37863 | I85: =ROUND(H85*G85,0) -> 44678
B86: 002.016 | C86: I282 | D86: SUELO CEMENTO 10:1 | E86: Insumos | F86: M3 | G86: 0.01 | H86: =VLOOKUP(C86,[1]Insumos!$A:$F,5,FALSE) -> 202837 | I86: =ROUND(H86*G86,0) -> 2028
B87: 002.016 | C87: H2 | D87: EQUIPO BASICO (HERRAMIENTA MENOR) | E87: Herramienta | F87: UND | G87: 0.4 | H87: =VLOOKUP(C87,[1]Insumos!$A:$F,5,FALSE) -> 3623 | I87: =ROUND(H87*G87,0) -> 1449
B88: 002.016 | C88: I1565 | D88: ACARREO INTERNO | E88: Insumos | F88: UND | G88: 0.2 | H88: =VLOOKUP(C88,[1]Insumos!$A:$F,5,FALSE) -> 1897 | I88: =ROUND(H88*G88,0) -> 379
B90: CODIGO | C90: COD INSUMO | D90: INSUMO | E90: TIPO | F90: UNIDAD | G90: REND | H90: VALOR UNITARIO | I90: VALOR TOTAL | J90: AIU | K90: VALOR TOTAL INCLUÍDO AIU
A91: 13 | B91: 002.017 | C91: - | D91: EXCAVACIÓN A CIELO ABIERTO - CONGLOMERADO - 0.0 A 2.0 M | E91: Actividad | F91: M3 | I91: =SUM(I92:I95) -> 69265 | J91: ='A.I.U'!$G$30 -> 1.3668 | K91: =ROUND(I91*J91,0) -> 94671
B92: 002.017 | C92: C1 | D92: CUADRILLA AA TIPO 1 (1 OFICIAL + 1 AYUDANTE) (Albañileria) | E92: Cuadrilla | F92: HR | G92: 1.54 | H92: =VLOOKUP(C92,[1]Insumos!$A:$F,5,FALSE) -> 37863 | I92: =ROUND(H92*G92,0) -> 58309
B93: 002.017 | C93: I282 | D93: SUELO CEMENTO 10:1 | E93: Insumos | F93: M3 | G93: 0.045 | H93: =VLOOKUP(C93,[1]Insumos!$A:$F,5,FALSE) -> 202837 | I93: =ROUND(H93*G93,0) -> 9128
B94: 002.017 | C94: H2 | D94: EQUIPO BASICO (HERRAMIENTA MENOR) | E94: Herramienta | F94: UND | G94: 0.4 | H94: =VLOOKUP(C94,[1]Insumos!$A:$F,5,FALSE) -> 3623 | I94: =ROUND(H94*G94,0) -> 1449
B95: 002.017 | C95: I1565 | D95: ACARREO INTERNO | E95: Insumos | F95: UND | G95: 0.2 | H95: =VLOOKUP(C95,[1]Insumos!$A:$F,5,FALSE) -> 1897 | I95: =ROUND(H95*G95,0) -> 379
B97: CODIGO | C97: COD INSUMO | D97: INSUMO | E97: TIPO | F97: UNIDAD | G97: REND | H97: VALOR UNITARIO | I97: VALOR TOTAL | J97: AIU | K97: VALOR TOTAL INCLUÍDO AIU
A98: 14 | B98: 032.083 | C98: - | D98: EXCAVACION PARA PILOTES D=< a 45 cm (0-6)m | E98: Actividad | F98: ML | I98: =SUM(I99:I101) -> 76390 | J98: ='A.I.U'!$G$30 -> 1.3668 | K98: =ROUND(I98*J98,0) -> 104410
B99: 032.083 | C99: C1 | D99: CUADRILLA AA TIPO 1 (1 OFICIAL + 1 AYUDANTE) (Albañileria) | E99: Cuadrilla | F99: HR | G99: 1.8 | H99: =VLOOKUP(C99,[1]Insumos!$A:$F,5,FALSE) -> 37863 | I99: =ROUND(H99*G99,0) -> 68153
B100: 032.083 | C100: H2 | D100: EQUIPO BASICO (HERRAMIENTA MENOR) | E100: Herramienta | F100: UND | G100: 1.75 | H100: =VLOOKUP(C100,[1]Insumos!$A:$F,5,FALSE) -> 3623 | I100: =ROUND(H100*G100,0) -> 6340
B101: 032.083 | C101: I1565 | D101: ACARREO INTERNO | E101: Insumos | F101: UND | G101: 1 | H101: =VLOOKUP(C101,[1]Insumos!$A:$F,5,FALSE) -> 1897 | I101: =ROUND(H101*G101,0) -> 1897
B103: CODIGO | C103: COD INSUMO | D103: INSUMO | E103: TIPO | F103: UNIDAD | G103: REND | H103: VALOR UNITARIO | I103: VALOR TOTAL | J103: AIU | K103: VALOR TOTAL INCLUÍDO AIU
A104: 15 | B104: 033.090 | C104: - | D104: CONFORMACION TALUDES SISTEMA MANUAL | E104: Actividad | F104: M3 | I104: =SUM(I105:I107) -> 47593 | J104: ='A.I.U'!$G$30 -> 1.3668 | K104: =ROUND(I104*J104,0) -> 65050
B105: 033.090 | C105: C1 | D105: CUADRILLA AA TIPO 1 (1 OFICIAL + 1 AYUDANTE) (Albañileria) | E105: Cuadrilla | F105: HR | G105: 1.2 | H105: =VLOOKUP(C105,[1]Insumos!$A:$F,5,FALSE) -> 37863 | I105: =ROUND(H105*G105,0) -> 45436
B106: 033.090 | C106: H2 | D106: EQUIPO BASICO (HERRAMIENTA MENOR) | E106: Herramienta | F106: UND | G106: 0.5 | H106: =VLOOKUP(C106,[1]Insumos!$A:$F,5,FALSE) -> 3623 | I106: =ROUND(H106*G106,0) -> 1812
B107: 033.090 | C107: I1565 | D107: ACARREO INTERNO | E107: Insumos | F107: UND | G107: 0.182 | H107: =VLOOKUP(C107,[1]Insumos!$A:$F,5,FALSE) -> 1897 | I107: =ROUND(H107*G107,0) -> 345
B109: CODIGO | C109: COD INSUMO | D109: INSUMO | E109: TIPO | F109: UNIDAD | G109: REND | H109: VALOR UNITARIO | I109: VALOR TOTAL | J109: AIU | K109: VALOR TOTAL INCLUÍDO AIU
A110: 16 | B110: 002.049 | C110: - | D110: RELLENO EN MATERIAL SELECCIONADO PROVENIENTE DE LA EXCAVACION (APISONADO) | E110: Actividad | F110: M3 | I110: =SUM(I111:I113) -> 50979 | J110: ='A.I.U'!$G$30 -> 1.3668 | K110: =ROUND(I110*J110,0) -> 69678
B111: 002.049 | C111: C15 | D111: CUADRILLA AA TIPO 3 (1 OFICIAL + 3 AYUDANTE) (Albañileria) | E111: Cuadrilla | F111: HR | G111: 0.7 | H111: =VLOOKUP(C111,[1]Insumos!$A:$F,5,FALSE) -> 66987 | I111: =ROUND(H111*G111,0) -> 46891
B112: 002.049 | C112: H2 | D112: EQUIPO BASICO (HERRAMIENTA MENOR) | E112: Herramienta | F112: UND | G112: 0.5 | H112: =VLOOKUP(C112,[1]Insumos!$A:$F,5,FALSE) -> 3623 | I112: =ROUND(H112*G112,0) -> 1812
B113: 002.049 | C113: I1565 | D113: ACARREO INTERNO | E113: Insumos | F113: UND | G113: 1.2 | H113: =VLOOKUP(C113,[1]Insumos!$A:$F,5,FALSE) -> 1897 | I113: =ROUND(H113*G113,0) -> 2276
B115: CODIGO | C115: COD INSUMO | D115: INSUMO | E115: TIPO | F115: UNIDAD | G115: REND | H115: VALOR UNITARIO | I115: VALOR TOTAL | J115: AIU | K115: VALOR TOTAL INCLUÍDO AIU
A116: 17 | B116: 002.053 | C116: - | D116: RELLENO COMPACTADO CON MATERIAL DE PRESTAMO | E116: Actividad | F116: M3 | I116: =SUM(I117:I121) -> 91018 | J116: ='A.I.U'!$G$30 -> 1.3668 | K116: =ROUND(I116*J116,0) -> 124403
B117: 002.053 | C117: C15 | D117: CUADRILLA AA TIPO 3 (1 OFICIAL + 3 AYUDANTE) (Albañileria) | E117: Cuadrilla | F117: HR | G117: 0.65 | H117: =VLOOKUP(C117,[1]Insumos!$A:$F,5,FALSE) -> 66987 | I117: =ROUND(H117*G117,0) -> 43542
B118: 002.053 | C118: H2 | D118: EQUIPO BASICO (HERRAMIENTA MENOR) | E118: Herramienta | F118: UND | G118: 0.65 | H118: =VLOOKUP(C118,[1]Insumos!$A:$F,5,FALSE) -> 3623 | I118: =ROUND(H118*G118,0) -> 2355
...

Sheet A.I.U
A1: CALCULO DEL AU.
A2: PROYECTO:
N3: 1462500000
A4: Valor estimado de la Obra (Costo Directo). | D4: Valor | E4: 1.0700176e+09 | N4: 1316723970
A5: Plazo estimado de ejecución | D5: Meses | E5: 4
A7: CAPITULO | B7: TIPO DE GASTO | C7: UN | D7: CANTIDAD | E7: Destinación | F7: VALOR UNITARIO (mes) | G7: Factor Prestacional. | H7: VALOR TOTAL | I7: SUMA | J7: PORCENTAJE | N7: 1.0700176e+09 | O7: =+J51*N7 -> 3.9248244e+08
O8: =+N7+O7 -> 1.4625e+09
A9: 1 | B9: GASTOS GENERALES. | J9: =+J10 -> 0.1060236
A10: 1.1 | B10: MANO DE OBRA Y GASTOS DE OFICINA | I10: =SUM(H11:H22) -> 1.1344711e+08 | J10: =+I10/$E$4 -> 0.1060236
B11: Ingeniero(a) Director con prestaciones | C11: Un | D11: 1 | E11: 0.15 | F11: 6700000 | G11: 0.6556 | H11: =+D11*E11*$E$5*F11*(1+G11) -> 6655512 | J11: =+H11/$E$4 -> 0.0062200026
B12: Ingeniero(a) Residente con prestaciones | C12: Un | D12: 1 | E12: 1 | F12: 4450000 | G12: 0.6556 | H12: =+D12*E12*$E$5*F12*(1+G12) -> 29469680 | J12: =+H12/$E$4 -> 0.027541305
B13: Técnico constructor como Maestro de obra | C13: Un | D13: 1 | E13: 1 | F13: 3600000 | G13: 0.6556 | H13: =+D13*E13*$E$5*F13*(1+G13) -> 23840640 | J13: =+H13/$E$4 -> 0.022280606
B14: Profesional en Seguridad y Salud en el Trabajo | C14: Un | D14: 1 | E14: 1 | F14: 3600000 | G14: 0.6556 | H14: =+D14*E14*$E$5*F14*(1+G14) -> 23840640 | J14: =+H14/$E$4 -> 0.022280606
B15: Trabajador(a) social | C15: Un | D15: 1 | E15: 0.5 | F15: 3600000 | G15: 0.6556 | H15: =+D15*E15*$E$5*F15*(1+G15) -> 11920320 | J15: =+H15/$E$4 -> 0.011140303
B16: Ingeniero(a) Ambiental | C16: Un | D16: 1 | E16: 0.5 | F16: 3600000 | G16: 0.6556 | H16: =+D16*E16*$E$5*F16*(1+G16) -> 11920320 | J16: =+H16/$E$4 -> 0.011140303
B18: Oficina (Equipo de Oficina, Escritorio, pc, impresora, sillas, papeleria, consumo servicios publicos etc) | C18: Mes | D18: 1 | E18: 1 | F18: 800000 | H18: =+$E$5*E18*F18 -> 3200000 | J18: =+H18/$E$4 -> 0.0029906051
B19: Sistema de gestion ambiental | C19: Mes | D19: 1 | E19: 1 | F19: 500000 | H19: =+D19*E19*F19 -> 500000 | J19: =+H19/$E$4 -> 0.00046728205
B20: Sistema de gestion de calidad | C20: GL | D20: 1 | E20: 1 | F20: 600000 | H20: =+D20*E20*F20 -> 600000 | J20: =+H20/$E$4 -> 0.00056073846
B21: Plan de Manejo de tránsito | C21: GL | D21: 1 | E21: 1 | F21: 500000 | H21: =+D21*E21*F21 -> 500000 | J21: =+H21/$E$4 -> 0.00046728205
B22: Ensayos de laboratorio | C22: GL | D22: 1 | E22: 1 | F22: 1000000 | H22: =+D22*E22*F22 -> 1000000 | J22: =+H22/$E$4 -> 0.0009345641
A23: 2 | B23: GASTOS INDIRECTOS.
A24: 2.1 | B24: LEGALIZACION. | J24: =J26+J37+J33 -> 0.20078956
B25: AIU ITERACION | G25: 1.3668
A26: 2.2 | B26: POLIZAS | I26: =SUM(H27:H31) -> 5149602.7 | J26: =+I26/$E$4 -> 0.0048126339
B27: Anticipo | C27: % | D27: 0.0006 | F27: =+$E$4*E27 -> 0 | G27: =+$G$25 -> 1.3668 | H27: =+(((F27*G27*D27)/365)*($E$5*30+120))*1.19 -> 0 | J27: =+H27/$E$4 -> 0
B28: Cumplimiento | C28: % | D28: 0.0006 | F28: =+$E$4 -> 1.0700176e+09 | G28: =+$G$25 -> 1.3668 | H28: =+(((F28*G28*D28)/365)*($E$5*30+120))*1.19 -> 686613.7 | J28: =+H28/$E$4 -> 0.00064168452
B29: Estabilidad | C29: % | D29: 0.0009 | F29: =+$E$4 -> 1.0700176e+09 | G29: =+$G$25 -> 1.3668 | H29: =+(((F29*G29*D29)/365)*($E$5*30+120))*1.19 -> 1029920.5 | J29: =+H29/$E$4 -> 0.00096252677
B30: Prestaciones Sociales | C30: % | D30: 0.0005 | F30: =+$E$4 -> 1.0700176e+09 | G30: =+$G$25 -> 1.3668 | H30: =+(((F30*G30*D30)/365)*($E$5*30+120))*1.19 -> 572178.08 | J30: =+H30/$E$4 -> 0.0005347371
B31: Responsabilidad Civil | C31: % | D31: 0.0025 | F31: =+$E$4 -> 1.0700176e+09 | G31: =+$G$25 -> 1.3668 | H31: =+(((F31*G31*D31)/365)*($E$5*30+120))*1.19 -> 2860890.4 | J31: =+H31/$E$4 -> 0.0026736855
A33: 2.3 | B33: VALLAS Y SEÑALIZACION | I33: =SUM(H34:H35) -> 1000000 | J33: =+I33/$E$4 -> 0.0009345641
B34: Vallas | C34: GL | D34: 1 | E34: 1 | F34: 600000 | H34: =+F34*D34*E34 -> 600000 | J34: =+H34/$E$4 -> 0.00056073846
B35: Señalización de obra (señales verticales, demarcación, cintas, etc) | C35: GL | D35: 1 | E35: 1 | F35: 400000 | H35: =+F35*D35*E35 -> 400000 | J35: =+H35/$E$4 -> 0.00037382564
A37: 2.4 | B37: IMPUESTOS Y CONTRIBUCIONES | I37: =SUM(H38:H46) -> 2.0869875e+08 | J37: =+I37/$E$4 -> 0.19504236
B38: Impuesto de timbre (Decretp 0175 - 2025) | C38: % | F38: =+$E$4 -> 1.0700176e+09 | G38: =+$G$27 -> 1.3668 | H38: =+F38*D38*G38 -> 0 | J38: =+H38/$E$4 -> 0
B39: Contribuación Especial | C39: % | D39: 0.05 | F39: =+$E$4 -> 1.0700176e+09 | G39: =+$G$27 -> 1.3668 | H39: =+F39*D39*G39 -> 73125000 | J39: =+H39/$E$4 -> 0.06834
B40: Estampillas para el bienestar del adulto mayor | C40: % | D40: 0.02 | F40: =+$E$4 -> 1.0700176e+09 | G40: =+$G$27 -> 1.3668 | H40: =+F40*D40*G40 -> 29250000 | J40: =+H40/$E$4 -> 0.027336
B41: Estampillas Pro - Universidades. | C41: % | D41: 0.02 | F41: =+$E$4 -> 1.0700176e+09 | G41: =+$G$27 -> 1.3668 | H41: =+F41*D41*G41 -> 29250000 | J41: =+H41/$E$4 -> 0.027336
B42: Estampilla pro cultura | C42: % | D42: 0.02 | F42: =+$E$4 -> 1.0700176e+09 | G42: =+$G$27 -> 1.3668 | H42: =+F42*D42*G42 -> 29250000 | J42: =+H42/$E$4 -> 0.027336
B43: Estampilla pro justicia familiar | C43: % | D43: 0.02 | F43: =+$E$4 -> 1.0700176e+09 | G43: =+$G$27 -> 1.3668 | H43: =+F43*D43*G43 -> 29250000 | J43: =+H43/$E$4 -> 0.027336
B44: Gasto bancarios4x1000 y retiros | C44: % | D44: 0.004 | F44: =+$E$4 -> 1.0700176e+09 | G44: =+$G$27 -> 1.3668 | H44: =+F44*D44*G44 -> 5850000 | J44: =+H44/$E$4 -> 0.0054672
B45: Industria y Comercio 3,7 x 1.000 sobre valor total | C45: % | D45: 0.0037 | F45: =+$E$4 -> 1.0700176e+09 | G45: =+$G$27 -> 1.3668 | H45: =+F45*D45*G45 -> 5411250 | J45: =+H45/$E$4 -> 0.00505716
B46: Tasa pro deporte y recreación | C46: % | D46: 0.005 | F46: =+$E$4 -> 1.0700176e+09 | G46: =+$G$27 -> 1.3668 | H46: =+F46*D46*G46 -> 7312500 | J46: =+H46/$E$4 -> 0.006834
B47: TOTAL GASTOS INDIRECTOS DE ADMINISTRACION. | I47: =SUM(I8:I46) -> 3.2829546e+08 | J47: =ROUND(J9+J24,4) -> 0.3068
B48: IMPREVISTO | J48: 0
B49: UTILIDAD: | J49: 0.06
B50: IVA SOBRE UTILIDAD: | J50: =J49*I50 -> 0
B51: A.I.U. | J51: =SUM(J47:J50) -> 0.3668
I53: NO MOVER | J53: =1+J51 -> 1.3668
B55: ALCALDIA DE MANIZALES. | D55: Base - Tope | E55: Porcentaje | F55: Vlor x Millón o fracción. | H55: Nota: al finalizar dar clic en aceptar
B56: Estampilla Pro-Hospital. | E56: 0.02
B57: Estampilla Pro-Universidad. | E57: 0.01
B58: Timbre | D58: 53000000 | E58: 0.0075
B59: Retención en la Fuente. | E59: 0.01
B60: Publicación Diario Oficial. | F60: 5530
B61: Contribución Especial (Impovias). | E61: 0.05
B62: Industria y comercio (4 X 1.000 Ing. Brutos). | E62: 0.004
